 Dungeon Crawl Stone Soup version 0.28-a0-390-gb254ac4902 (console) character file.

Game seed: 4532775936412070324

1139348 nht the Heavyweight Champion (level 27, 72/319 HPs)
             Began as a Troll Fighter on Sept 3, 2021.
             Was the Champion of Zin.
             Quit the game on level 7 of the Iron City of Dis on Sept 4, 2021.
             The game lasted 03:50:31 (78695 turns).

nht the Heavyweight Champion (Troll Fighter)       Turns: 78695, Time: 03:50:31

Health: 72/319     AC: 29    Str: 34 (35) XL:     27
Magic:  34/34      EV:  9    Int:  6      God:    Zin [******]
Gold:   10775      SH: 31    Dex: 11      Spells: 26/26 levels left

rFire   + + +      SeeInvis +     - Unarmed
rCold   + + .      Faith    .   X - +8 tower shield {AC+3}
rNeg    . . .      Spirit   .   y - +12 gold dragon scales
rPois   +          Reflect  +   d - +0 mask of the Dragon {Will+ Slay+3 SInv}
rElec   +          Harm     .   C - +1 cloak of Precision Catastrophes {rC+}
rCorr   .          Rampage  .   (gloves unavailable)
Will    ++++.                   (boots unavailable)
Stlth   ..........              u - amulet "Zutoqicw" {Reflect rPois rF+ Regen+ Str-2 SH+5}
HPRegen 2.63/turn               k - ring of the Five Freezing Seas {rElec Will+ Dex+2 Stlth+}
MPRegen 0.24/turn               q - ring of Shadows {Umbra +Inv Stlth+}

@: corroded, wreathed by umbra, studying 2 skills
A: large, unfitting armour, claws 3, regeneration 1, shaggy fur 1, tough skin 1,
antennae 1, iridescent scales 1, deformed body, dopey 1, fire resistance 1
}: 11/15 runes: serpentine, barnacled, slimy, silver, golden, abyssal, demonic,
glowing, magical, fiery, dark
a: Renounce Religion, Evoke Invisibility, Recite, Vitalisation, Imprison,
Sanctuary, Donate Gold


You were on level 7 of the Iron City of Dis.
You worshipped Zin.
Zin was exalted by your worship.
You visited 18 branches of the dungeon, and saw 74 of its levels.
You visited Pandemonium 2 times, and saw 11 of its levels.
You visited the Abyss 2 times.
You visited 1 bazaar.
You visited 1 ziggurat, and saw 14 of its levels.
You also visited: Trove, Ossuary, Bailey, Gauntlet and Volcano.

You collected 18666 gold pieces.
You spent 7768 gold pieces at shops.
You donated 123 gold pieces to Zin.

Inventory:

Missiles
 i - 142 large rocks (quivered)
 l - 39 silver javelins
 z - 22 atropa-tipped darts
 B - 8 throwing nets
 F - 82 javelins
 H - 36 boomerangs of dispersal
 Q - 18 curare-tipped darts
 Z - 4 datura-tipped darts
Armour
 d - the +0 mask of the Dragon (worn) {Will+ Slay+3 SInv}
   (You acquired it on level 13 of a ziggurat)

   Slay:      It affects your accuracy & damage with ranged weapons and melee
   (+3).
   SInv:      It lets you see invisible.
   Will:      It increases your willpower.
 o - the +15 ice dragon scales of Vanity {rF- rC++ Dex+5 Slay+3}
   (Okawaru gifted it to you on level 5 of the Depths)

   Dex:       It affects your dexterity (+5).
   Slay:      It affects your accuracy & damage with ranged weapons and melee
   (+3).
   rF:        It makes you vulnerable to fire.
   rC:        It greatly protects you from cold.
 y - +12 gold dragon scales (worn)
 C - the +1 cloak of Precision Catastrophes (worn) {rC+}
   (You bought it in a shop on level 5 of the Dungeon)

   rC:        It protects you from cold.
 R - the +2 cloak of Tuaple {rElec Will+}
   (You found it on level 2 of the Crypt)

   rElec:     It insulates you from electricity.
   Will:      It increases your willpower.
 V - a +0 cloak of preservation
 X - a +8 tower shield of protection (worn)
 Y - the +2 hat of the Bear Spirit {Spirit, +Rage rN+ Will++}
   (You found it on level 5 of the Vaults)

   rN:        It protects you from negative energy.
   +Rage:     It lets you go berserk.
   Will:      It greatly increases your willpower.
Jewellery
 k - the ring of the Five Freezing Seas (left claw) {rElec Will+ Dex+2 Stlth+}
   (You acquired it on level 2 of the Orcish Mines)

   [ring of willpower]

   Dex:       It affects your dexterity (+2).
   rElec:     It insulates you from electricity.
   Will:      It increases your willpower.
   Stlth:     It makes you more stealthy.
 m - the ring "Museil" {rF+ rC++ rN+ Dex-2}
   (You found it on level 3 of the Crypt)

   [ring of positive energy]

   Dex:       It affects your dexterity (-2).
   rF:        It protects you from fire.
   rC:        It greatly protects you from cold.
   rN:        It protects you from negative energy.
 q - the ring of Shadows (right claw) {Umbra +Inv Stlth+}
   (You found it on level 7 of a ziggurat)

   [ring of stealth]

   It surrounds you with an aura of shadow, increasing your stealth and reducing
   the accuracy of all within it (including the wearer).
   +Inv:      It lets you turn invisible.
   Stlth:     It makes you more stealthy.
 s - the ring "Rorch" {rF+ Will++ Dex+3 Stlth-}
   (You took it off a deep elf high priest on level 3 of the Elven Halls)

   [ring of protection from fire]

   Dex:       It affects your dexterity (+3).
   rF:        It protects you from fire.
   Will:      It greatly increases your willpower.
   Stlth:     It makes you less stealthy.
 u - the amulet "Zutoqicw" (around neck) {Reflect rPois rF+ Regen+ Str-2 SH+5}
   (You bought it in a shop on level 1 of the Vaults)

   [amulet of reflection]

   It reflects blocked missile attacks.
   Str:       It affects your strength (-2).
   rF:        It protects you from fire.
   rPois:     It protects you from poison.
   Regen:     It increases your rate of health regeneration.
   SH:        It affects your SH (+5).
 w - the ring "Jinimuan" {+Blink rC+ rCorr Str+3 Int+6}
   (You found it on level 14 of a ziggurat)

   [ring of intelligence]

   Str:       It affects your strength (+3).
   Int:       It affects your intelligence (+6).
   rC:        It protects you from cold.
   +Blink:    It lets you blink.
   rCorr:     It protects you from acid and corrosion.
 D - the amulet of the Four Winds {rN+ Will+++ Clar}
   (You found it on level 13 of a ziggurat)

   [amulet of nothing]

   rN:        It protects you from negative energy.
   Clar:      It protects you against confusion.
   Will:      It greatly increases your willpower.
 E - the ring of Gluttony {Fly rElec rC- rN+ AC+4}
   (You found it in a Gauntlet)

   [ring of protection]

   AC:        It affects your AC (+4).
   rC:        It makes you vulnerable to cold.
   rElec:     It insulates you from electricity.
   rN:        It protects you from negative energy.
   Fly:       It grants you flight.
 G - the ring "Tivaerhihau" {rN+ rCorr MP+9 Stlth-}
   (You found it on level 3 of the Crypt)

   [ring of positive energy]

   rN:        It protects you from negative energy.
   MP:        It affects your magic capacity (+9).
   rCorr:     It protects you from acid and corrosion.
   Stlth:     It makes you less stealthy.
Wands
 g - a wand of paralysis (47)
 p - a wand of mindburst (36)
 v - a wand of digging (24)
 M - a wand of iceblast (11)
 U - a wand of acid (23)
Scrolls
 b - 12 scrolls of fear
 c - 13 scrolls of fog
 f - 24 scrolls of blinking
 h - 16 scrolls of teleportation
 x - 6 scrolls of magic mapping
 I - 7 scrolls of immolation
 J - 16 scrolls of vulnerability
 K - 8 scrolls of silence
 T - 70 scrolls of identify
Potions
 a - 9 potions of might
 e - 6 potions of cancellation
 j - 9 potions of haste
 n - 9 potions of lignification
 r - 28 potions of curing
 t - 13 potions of attraction
 A - 21 potions of heal wounds
 P - 19 potions of mutation
 S - a potion of berserk rage
 W - 8 potions of flight


   Skills:
 - Level 26.5 Fighting
 + Level 23.5 Throwing
 - Level 24.7 Armour
 - Level 10.4 Dodging
 - Level 15.0 Shields
 O Level 27 Unarmed Combat
 - Level 17.0 Invocations


You had 26 spell levels left.
You didn't know any spells.
Your spell library contained the following spells:

 Spells                   Type           Power      Damage    Failure   Level
 Animate Skeleton         Necr           0%         N/A       95%         1
 Apportation              Tloc           0%         N/A       95%         1
 Corona                   Hex            0%         N/A       95%         1
 Foxfire                  Conj/Fire      0%         2x1d4     95%         1
 Freeze                   Ice            0%         1d3       95%         1
 Pain                     Necr           0%         1d4       95%         1
 Sandblast                Erth           0%         2d4       95%         1
 Shock                    Conj/Air       0%         1d3       95%         1
 Sting                    Tmut/Pois      0%         1d3       95%         1
 Summon Small Mammal      Summ           0%         N/A       95%         1
 Corpse Rot               Necr/Air       N/A        N/A       98%         2
 Ensorcelled Hibernation  Hex/Ice        0%         N/A       98%         2
 Passwall                 Tmut/Erth      0%         N/A       98%         2
 Poisonous Vapours        Pois/Air       0%         N/A       98%         2
 Scorch                   Fire           0%         2d5       98%         2
 Searing Ray              Conj           0%         3d3       98%         2
 Slow                     Hex            0%         N/A       98%         2
 Static Discharge         Conj/Air       0%         N/A       98%         2
 Sublimation of Blood     Necr           0%         N/A       98%         2
 Wereblood                Tmut           0%         N/A       98%         2
 Call Canine Familiar     Summ           0%         N/A       100%        3
 Confusing Touch          Hex            0%         N/A       100%        3
 Conjure Flame            Conj/Fire      0%         6-21      100%        3
 Dazzling Flash           Conj/Hex       0%         N/A       100%        3
 Frozen Ramparts          Ice            0%         1d2       100%        3
 Gell's Gravitas          Tloc           0%         N/A       100%        3
 Ignite Poison            Fire/Tmut/Pois 0%         N/A       100%        3
 Inner Flame              Hex/Fire       0%         N/A       100%        3
 Lesser Beckoning         Tloc           0%         N/A       100%        3
 Mephitic Cloud           Conj/Pois/Air  0%         N/A       100%        3
 Ozocubu's Armour         Ice            0%         N/A       100%        3
 Portal Projectile        Hex/Tloc       0%         N/A       100%        3
 Spider Form              Tmut/Pois      0%         N/A       100%        3
 Stone Arrow              Conj/Erth      0%         3d7       100%        3
 Swiftness                Air            0%         N/A       100%        3
 Teleport Other           Tloc           0%         N/A       100%        3
 Tukima's Dance           Hex            0%         N/A       100%        3
 Animate Armour           Summ/Erth      0%         N/A       100%        4
 Animate Dead             Necr           0%         N/A       100%        4
 Cause Fear               Hex            0%         N/A       100%        4
 Flame Wave               Conj/Fire      0%         3d3       100%        4
 Fulminant Prism          Conj/Hex       0%         3d6       100%        4
 Hailstorm                Conj/Ice       0%         3d3       100%        4
 Ice Form                 Ice/Tmut       0%         N/A       100%        4
 Iskenderun's Mystic Bla  Conj/Tloc      0%         2d3       100%        4
 Leda's Liquefaction      Hex/Erth       0%         N/A       100%        4
 Olgreb's Toxic Radiance  Pois           0%         N/A       100%        4
 Petrify                  Tmut/Erth      0%         N/A       100%        4
 Sticky Flame             Conj/Fire      0%         2d3       100%        4
 Summon Lightning Spire   Summ/Air       0%         N/A       100%        4
 Agony                    Necr           0%         N/A       100%        5
 Alistair's Intoxication  Tmut/Pois      0%         N/A       100%        5
 Blade Hands              Tmut           0%         N/A       100%        5
 Bolt of Magma            Conj/Fire/Erth 0%         4d4       100%        5
 Borgnjor's Vile Clutch   Necr/Erth      0%         N/A       100%        5
 Excruciating Wounds      Necr           0%         N/A       100%        5
 Fireball                 Conj/Fire      0%         3d3       100%        5
 Freezing Cloud           Conj/Ice/Air   0%         6-21      100%        5
 Irradiate                Conj/Tmut      0%         3d13      100%        5
 Iskenderun's Battlesphe  Conj           0%         2d6       100%        5
 Lee's Rapid Deconstruct  Erth           0%         3d5*      100%        5
 Lightning Bolt           Conj/Air       0%         1d11      100%        5
 Metabolic Englaciation   Hex/Ice        0%         N/A       100%        5
 Summon Forest            Summ/Tloc      0%         N/A       100%        5
 Summon Mana Viper        Hex/Summ       0%         N/A       100%        5
 Yara's Violent Unravell  Hex/Tmut       0%         3d3       100%        5
 Conjure Ball Lightning   Conj/Air       0%         3x3d6     100%        6
 Death Channel            Necr           0%         N/A       100%        6
 Eringya's Noxious Bog    Tmut/Pois      0%         N/A       100%        6
 Invisibility             Hex            0%         N/A       100%        6
 Iron Shot                Conj/Erth      0%         9d1       100%        6
 Simulacrum               Ice/Necr       0%         N/A       100%        6
 Starburst                Conj/Fire      0%         6d3       100%        6
 Statue Form              Tmut/Erth      0%         N/A       100%        6
 Summon Cactus Giant      Summ           0%         N/A       100%        6
 Dragon Form              Tmut           0%         N/A       100%        7
 Haunt                    Necr/Summ      0%         N/A       100%        7
 Malign Gateway           Summ/Tloc      0%         N/A       100%        7
 Orb of Destruction       Conj           0%         N/A       100%        7
 Ozocubu's Refrigeration  Ice            0%         4d5       100%        7
 Summon Hydra             Summ           0%         N/A       100%        7
 Borgnjor's Revivificati  Necr           0%         N/A       100%        8
 Discord                  Hex            0%         N/A       100%        8
 Ignition                 Fire           0%         3d3       100%        8
 Infestation              Necr           0%         N/A       100%        8
 Lehudib's Crystal Spear  Conj/Erth      0%         10d2      100%        8
 Maxwell's Capacitive Co  Air            0%         ∞         100%        8
 Necromutation            Tmut/Necr      0%         N/A       100%        8
 Summon Horrible Things   Summ           0%         N/A       100%        8
 Chain Lightning          Conj/Air       0%         N/A       100%        9
 Death's Door             Necr           0%         N/A       100%        9
 Fire Storm               Conj/Fire      0%         5d1       100%        9
 Polar Vortex             Ice            0%         N/A       100%        9
 Shatter                  Erth           0%         3d5*      100%        9


Dungeon Overview and Level Annotations

Branches:
Dungeon (15/15)            Temple (1/1) D:6            Lair (6/6) D:10
 Shoals (4/4) Lair:3        Snake (4/4) Lair:4        Slime (5/5) Lair:6
    Orc (2/2) D:11            Elf (3/3) Orc:2        Vaults (5/5) D:13
  Crypt (3/3) Vaults:2       Tomb (3/3) Crypt:3      Depths (5/5) D:15
   Hell (visited)             Dis (7/7) Hell            Geh (2/7) Hell
    Coc (1/7) Hell            Tar (2/7) Hell            Zot (5/5) Depths:5
Ossuary (visited)          Bailey (visited)         Volcano (visited)
Gauntlet (visited)

Altars:
Ashenzari
Cheibriados
Dithmenos
Elyvilon
Fedhas
Gozag
Hepliaklqana
Kikubaaqudgha
Makhleb
Nemelex Xobeh
Okawaru
Qazlal
Ru
Sif Muna
Trog
Uskayaw
Vehumet
Wu Jian
Xom
Yredelemnul
Zin
The Shining One
Beogh

Shops:
D:2 ?   D:4 *   D:5 [   D:15 (   Orc:1 *   Orc:2 **?*   Elf:2 [   Shoals:1 *
Shoals:2 =   Snake:3 *   Vaults:1 *==[   Vaults:2 (   Vaults:3 [   Depths:1 =:=
Depths:2 :?(:   Depths:3 ?   Depths:5 (

Portals:
Hell: Depths:1 Depths:2 Depths:3 Depths:4 Depths:5
Abyss: Depths:4
Pandemonium: Depths:2 Depths:3
Ziggurat: Depths:2

Annotations:
D:13 3 runed translucent doors, totalnoob's ghost, journeyman PaWr
Vaults:4 exclusion: 2 ice statues
Zot:5 1 exclusion


Innate Abilities, Weirdness & Mutations

You are too large for most types of armour.
You have claws for hands.
Your natural rate of healing is unusually fast.
You are covered in fur. (AC +1)
You have tough skin. (AC +1)
You have a pair of small antennae on your head.
You are partially covered in iridescent scales. (AC +2)
Armour fits poorly on your strangely shaped body.
You are dopey. (Int -2)
Your flesh is heat resistant. (rF+)


Message History

You block the +2 great sword's attack. The caustic shrike claws you!!
The acid corrodes you!
You are splashed with acid!
You eviscerate the Hell Sentinel!!!
The Hell Sentinel is almost dead.
You block the +2 great sword's attack. The Hell Sentinel hits you!
You block the Hell Sentinel's attack. You block the caustic shrike's attack.
You scratch the Hell Sentinel but do no damage.
The Hell Sentinel is almost dead.
You block the caustic shrike's attack.
You mangle the Hell Sentinel!!
You kill the Hell Sentinel!
The +2 great sword hits you but does no damage.
You block the caustic shrike's attack.
You claw the caustic shrike!
The caustic shrike is lightly wounded.
You block the caustic shrike's attack.
You claw the caustic shrike!
The caustic shrike is moderately wounded.
You block the +2 great sword's attack. You block the caustic shrike's attack.
You miss the caustic shrike.
The caustic shrike is moderately wounded.
The caustic shrike claws you but does no damage.
You block the +2 great sword's attack.
The ancient champion casts a spell.
The ancient champion seems to speed up.
You closely miss the caustic shrike.
The caustic shrike is moderately wounded.
The caustic shrike claws you!
* * * LOW HITPOINT WARNING * * *
You are splashed with acid!
* * * LOW HITPOINT WARNING * * *
You closely miss the caustic shrike.
The caustic shrike is moderately wounded.
The +2 great sword hits you!
* * * LOW HITPOINT WARNING * * *
You block the caustic shrike's attack.
You closely miss the caustic shrike.
The caustic shrike is moderately wounded.
You block the caustic shrike's attack.
Are you sure you want to abandon this character and quit the game? (Confirm with "yes".)

****************** *,,,**,,,**,,,
,,8,,,,,8,,,,,*88***,,,,,,,,,,,,,
,,,,,,,,,,,,,,*,,*,,,,,,,,,,,,,,,
***********,,,█..█,*,,,,,,,,,,,,,
***********,,,█..█,*,,,.,,,,,,,,,
*,,,*,*,,**,,,█..█,*,,..,,,,,,,,,
,,*,,,,,,**,,,█..█,,,...,,,,,,,,*
,,*,,,*,***,*,█..█**....,,,,,,,**
,***,,,,,**,,,█..█,....,,,,,,,**
,,*,,,,,***,*,█..█z9█,,,,,,,,,,*
,,,,,*,,,**,,,█)@b(9█,,,,,,,,,**
*,,,****,**,,,█1(█1.....,,,,,,.██
,,,,,*,,,**,,,█..█*██...,,,,,,..█
,,*,,,,,***,*,█..█,,,,,.,,,,,,...
,***,,*,,**,,,█..█,,*,,,,,,,,,...
,,*,,*,,***,*,█..█,,*,,,,,,,,,...
,,*,,,,*,**,,,█..█,,,,,,,,,,,,...
*,,,*,*,,**,,,█..█***,,,,,,,,,.█.
***********,,,*,,*,,,,,,,,,,,,***
***********,,,*,,*,,,*,,,,,,,,,█.
,,,,,,,,,,,,,,*,,*,,,,,,,,,,,,*█.


You could see 2 Hell Sentinels, a caustic shrike, an ancient champion (fast), 2
war gargoyles and 2 dancing weapons.

Vanquished Creatures
  Cerebov (Pan)
  Dissolution (Arena)
  the Royal Jelly (Arena)
  Gloorx Vloq (Pan)
  Mnoleg (Pan)
  Lom Lobon (Pan)
  2 dread liches (Crypt:2)
  3 ancient liches
  An orb of fire (Zot:1)
  2 juggernauts
  35 royal mummies
  Saint Roka (Orc:2)
  Margery (Vaults:2)
  Xtahua (Vaults:3)
  Geryon (Hell)
  6 pandemonium lords
  6 caustic shrikes
  Nikola (Depths:2)
  8 golden dragons
  Jory (Crypt:3)
  6 bone dragons
  3 electric golems
  A doom hound (Tar:2)
  2 Tzitzimimeh
  5 Brimstone Fiends
  4 hellephants
  8 iron giants
  17 tentacled monstrosities
  4 Ice Fiends (Pan)
  The ghost of Obyirul the Warrior, an adept MiFi of Trog (Snake:4)
  3 Orb Guardians (Zot:5)
  Rupert (D:12)
  8 liches
  15 titans
  11 Hell Sentinels
  2 searing wretches
  18 Executioners
  7 deep elf master archers
  7 deep elf blademasters
  17 acid blobs
  The ghost of Puph the Thaumaturge, an adept DrCj of Vehumet (Elf:1)
  11 quicksilver dragons
  18 ancient champions
  The ghost of Wevinn the Warrior, an adept DsFi of Ru (Shoals:1)
  An eldritch tentacle (Pan)
  10 tentacled starspawn
  7 tengu reavers
  13 sphinxes
  5 death cobs
  19 shadow dragons
  The ghost of Voveif the Covert, an adept VSFi of Uskayaw (Snake:4)
  Agnes (D:15)
  Kirke (D:15)
  16 storm dragons
  4 revenants
  A fenstrider witch (Zig:9)
  3 draconian monks
  10 azure jellies
  Roxanne (Snake:2)
  Ilsuiw (Shoals:3)
  24 fire giants
  7 nagarajas
  6 warmongers
  3 draconian knights
  9 rockslimes
  26 frost giants
  7 deep elf sorcerers
  10 iron dragons
  A frost giant (shapeshifter) (Vaults:3)
  A ghost moth (Zig:13)
  3 quicksilver elementals
  18 balrugs
  3 draconian scorchers
  7 orc warlords
  26 cacodemons
  12 black suns
  3 deep elf elementalists
  4 curse skulls
  2 draconian stormcallers
  17 ironbound preservers
  7 draconian shifters
  8 vault wardens
  4 ghouls
  14 war gargoyles
  A caustic shrike skeleton (Crypt:1)
  42 very ugly things
  11 reapers
  An ophan (Zig:13)
  A juggernaut skeleton (Crypt:2)
  6 quicksilver oozes
  4 draconian annihilators
  33 stone giants
  2 spriggan defenders (Depths:4)
  7 corrupters
  29 vampire knights
  4 bennus
  A putrid mouth (Tar:2)
  8 blood saints
  10 black draconians
  9 deep elf demonologists
  14 lorocyprocas
  5 dire elephants
  10 deep elf annihilators
  A minotaur (Gauntlet)
  7 green draconians
  12 purple draconians
  Azrael (D:15)
  4 eidola
  7 red draconians
  8 white draconians
  Snorg (D:12)
  9 deep elf death magi
  9 yellow draconians
  13 spark wasps
  An eleionoma (shapeshifter) (D:10)
  13 blizzard demons
  18 ettins
  15 iron golems
  6 merfolk impalers (Shoals:4)
  5 jiangshi
  15 green deaths
  An eleionoma (Zig:9)
  20 mummy priests
  A kraken zombie (Hell)
  10 merfolk javelineers
  12 fire dragons
  7 deep elf high priests
  A spectral fenstrider witch (Tar:2)
  27 vault guards
  8 rakshasas
  9 ironbound thunderhulks
  14 great orbs of eyes
  13 yaktaur captains
  2 fenstrider witch zombies
  11 ice dragons
  Erolcha (D:12)
  5 monstrous demonspawn (Pan)
  4 salamander tyrants
  5 merfolk avatars
  9 naga warriors
  A peacekeeper (Vaults:3)
  22 hydras
  9 ogre magi
  12 hell beasts
  6 boulder beetles
  The ghost of PeterLawrence the Basher, a novice MiFi of Okawaru (D:8)
  7 spriggan air magi
  7 ironbound frosthearts
  A death knight (Crypt:2)
  11 anacondas
  A ghost crab (Zig:9)
  41 dancing weapons
  A catoblepas (Vaults:4)
  2 satyrs
  2 alligator snapping turtles
  60 death scarabs
  16 death yaks
  4 merfolk aquamancers
  10 centaur warriors
  34 hell hogs
  9 two-headed ogres
  6 deep troll shamans
  8 deep troll earth magi
  7 shock serpents
  A spriggan berserker (Depths:2)
  8 vampire magi
  A titan zombie (Crypt:3)
  11 thrashing horrors
  12 tengu warriors
  5 ironbound beastmasters
  A shock serpent (shapeshifter) (Elf:2)
  23 soul eaters
  6 naga sharpshooters
  A fire crab (Vaults:4)
  5 wretched stars
  7 orc high priests (Orc:2)
  Sonja (Orc:2)
  17 hell knights
  34 sun demons
  47 skeletal warriors
  3 crystal echidnas
  12 iron trolls
  A titan skeleton (Vaults:2)
  3 spatial maelstroms
  14 shadow wraiths
  2 salamander mystics (Snake:4)
  24 deep elf knights
  A spectral minotaur (Tar:2)
  28 sixfirhies
  2 swamp dragons
  7 gelid demonspawn (Pan)
  33 deep trolls
  2 anaconda zombies
  A spectral anaconda (Tar:2)
  2 shadow demons (Pan)
  2 bog bodies (Zig:9)
  A quicksilver dragon simulacrum (Coc:1)
  3 infernal demonspawn
  6 naga ritualists
  A spriggan druid (Zig:9)
  8 deep elf archers
  2 golden dragon zombies
  2 death drakes
  28 wizards
  8 flayed ghosts
  7 sea snakes
  15 lindwurms
  A golden dragon skeleton (Crypt:1)
  A spectral iron dragon (Tar:2)
  38 phantasmal warriors
  19 ironbound convokers
  9 glowing orange brains
  4 torturous demonspawn (Pan)
  An obsidian statue (Shoals:1)
  A lindwurm (shapeshifter) (Vaults:5)
  28 harpies
  11 necromancers
  10 orc knights
  28 deep elf pyromancers
  A bunyip skeleton (Tomb:1)
  8 shining eyes
  2 fire giant zombies
  31 deep elf zephyrmancers
  48 large abominations
  3 tengu skeletons (Vaults:2)
  12 mana vipers
  9 oklob plants
  A wolf spider (Lair:6)
  A shadow dragon skeleton (Depths:2)
  18 moths of wrath
  3 worldbinders
  2 stone giant zombies
  14 salamanders
  57 ugly things
  13 manticores
  13 fauns
  A salamander (shapeshifter) (Elf:3)
  3 elephants (Lair:2)
  5 spriggan zombies
  9 orc sorcerers
  7 guardian serpents
  3 stone giant skeletons
  6 cyclopes
  2 titan simulacra
  4 merfolk sirens
  An elephant (shapeshifter) (Vaults:1)
  13 vault sentinels
  8 rust devils
  Joseph (Lair:1)
  41 black mambas
  2 frost giant skeletons
  An eye of devastation (shapeshifter) (Depths:4)
  5 eyes of devastation
  3 naga zombies
  A dire elephant zombie (Crypt:3)
  9 water nymphs
  2 torpor snails
  18 naga magi
  2 apocalypse crabs
  27 cane toads
  4 spriggan skeletons
  2 alligator snapping turtle zombies (Crypt:3)
  2 molten gargoyles
  4 kobold demonologists
  A dire elephant skeleton (Crypt:2)
  20 orange demons
  A cane toad (shapeshifter) (D:15)
  36 smoke demons
  3 elf skeletons (Vaults:2)
  Psyche (D:12)
  7 efreet
  A shock serpent skeleton (Crypt:2)
  A komodo dragon (shapeshifter) (Vaults:5)
  13 hellions
  4 rime drakes
  2 sea snake zombies (Hell)
  10 komodo dragons
  An alligator snapping turtle skeleton (Pan)
  9 demonic crawlers (Pan)
  9 tormentors
  4 unseen horrors
  A human zombie (Vaults:1)
  4 tengu conjurers
  2 freezing wraiths (Coc:1)
  15 hellwings
  10 yaktaurs
  A yaktaur skeleton (Vaults:2)
  23 merfolk
  A rime drake (shapeshifter) (Zig:11)
  56 guardian mummies
  4 red devils
  9 ice devils
  A minotaur skeleton (Tomb:1)
  3 ancient zymes
  2 harpy zombies (Crypt:2)
  7 trolls
  A bloated husk (Zig:9)
  A sea snake skeleton (Hell)
  2 silent spectres
  2 hydra zombies (Hell)
  A queen bee (D:10)
  6 harpy skeletons
  6 wind drakes
  A hydra skeleton (Hell)
  9 hornets
  130 slime creatures
  35 blink frogs
  An ice dragon zombie (Tomb:1)
  18 dream sheep
  2 ettin zombies
  7 raiju
  A black mamba zombie (Crypt:3)
  A frost giant simulacrum (Depths:2)
  A stone giant simulacrum (Depths:1)
  7 air elementals
  2 alligator zombies (Hell)
  A satyr zombie (Crypt:3)
  15 snapping turtles
  A human simulacrum (Vaults:1)
  16 ynoxinuls
  33 flying skulls
  2 redbacks (Lair:6)
  3 spriggans
  5 shadows
  4 ettin skeletons
  An ice dragon skeleton (Crypt:1)
  2 fire dragon skeletons
  18 water elementals
  A naga simulacrum (Crypt:2)
  A spriggan simulacrum (Crypt:1)
  9 fire bats (Volcano)
  2 spriggans (shapeshifter)
  18 wyverns
  19 ushabtiu
  4 hogs (D:15)
  17 wraiths
  A black mamba skeleton (Pan)
  7 basilisks
  An alligator snapping turtle simulacrum (Crypt:2)
  A dire elephant simulacrum (Tomb:2)
  29 golden eyes
  39 yaks
  11 fire elementals
  Grum (D:10)
  7 steam dragons
  10 vampire mosquitoes
  17 neqoxecs
  A monstrous demonspawn zombie (Crypt:1)
  Menkaure (D:6)
  30 nagas
  13 chaos spawn
  10 wargs
  2 harpy simulacra
  18 small abominations
  A hydra simulacrum (Vaults:4)
  5 human skeletons
  8 hell hounds
  2 naga skeletons
  21 water moccasins
  5 acid dragons
  4 floating eyes
  2 swamp drakes (Zig:12)
  5 black bears
  40 orc warriors
  A snapping turtle zombie (Crypt:3)
  A fire dragon simulacrum (Vaults:4)
  6 ice beasts
  An ogre skeleton (Vaults:2)
  6 necrophages
  4 black mamba simulacra (Vaults:4)
  A swamp dragon zombie (Crypt:1)
  13 ogres
  8 boggarts
  16 centaurs
  19 wolves
  A blink frog skeleton (Crypt:2)
  A manticore skeleton (Crypt:1)
  A torpor snail zombie (Crypt:1)
  A dream sheep skeleton (Crypt:3)
  2 kobold brigands (D:9)
  A fire crab zombie (Crypt:1)
  2 phantoms (D:6)
  18 bullfrogs
  2 gnoll sergeants
  3 earth elementals
  3 scorpions (D:5)
  A wyvern skeleton (Crypt:3)
  A queen bee zombie (Crypt:3)
  An elephant simulacrum (Vaults:4)
  25 killer bees
  10 wights
  3 electric eels (D:7)
  5 howler monkeys
  A lava snake (Vaults:4)
  2 quasits
  15 starcursed masses
  5 centaur zombies
  3 jellies
  47 orc priests
  5 hounds
  A black bear zombie (Crypt:1)
  2 bullfrog skeletons
  4 centaur skeletons
  3 iron imps
  6 iguanas
  29 orc wizards
  A killer bee zombie (D:5)
  3 centaur simulacra (D:8)
  A hound skeleton (D:4)
  71 mummies
  13 gnolls
  A howler monkey skeleton (D:7)
  3 adders
  3 shadow imps
  6 white imps
  2 adder zombies
  A barachi skeleton (Crypt:1)
  A dart slug (D:1)
  101 orcs
  13 endoplasms
  A giant cockroach (D:4)
  12 goblins
  6 hobgoblins
  20 kobolds
  3 quokkas
  7 ball pythons
  8 bats
  5 frilled lizards
  A giant cockroach zombie (Crypt:2)
  A gnoll zombie (Ossuary)
  2 goblin zombies (D:7)
  5 hobgoblin zombies (Ossuary)
  A jackal skeleton (Crypt:3)
  2 kobold zombies (Ossuary)
  6 rats
  A river rat skeleton (Crypt:2)
  A ball lightning (Pan)
  5 fire vortices
  A lurking horror (Abyss:3)
  A pillar of salt (Zig:14)
  7 starspawn tentacles
  3 tentacles (Hell)
3873 creatures vanquished.

Vanquished Creatures (collateral kills)
  A war gargoyle (Dis:5)
  3 iron golems (Dis:5)
4 creatures vanquished.

Vanquished Creatures (others)
  A pandemonium lord (Zig:7)
  A bone dragon (Zig:13)
  An azure jelly (Vaults:4)
  A black sun (Pan)
  A warmonger (Pan)
  A vampire knight (Depths:2)
  A green death (Pan)
  A merfolk aquamancer (Shoals:4)
  An alligator (Zig:9)
  A gelid demonspawn (Pan)
  An infernal demonspawn (Pan)
  A lindwurm (Vaults:4)
  A molten gargoyle (Vaults:4)
  A tengu conjurer (Gauntlet)
  A hellwing (Pan)
  A blink frog (Abyss:1)
  A human (Crypt:2)
  A neqoxec (Pan)
  A small abomination (Abyss:1)
  2 orcs
  5 ball lightnings (Pan)
  18 demonic plants
  A fire vortex (Geh:1)
  74 fungi
  2 pillars of salt (Zig:13)
  297 plants
  11 starspawn tentacles
  A tentacle (Hell)
  19 withered plants
449 creatures vanquished.

Grand Total: 4326 creatures vanquished

Notes
Turn   | Place    | Note
-------+----------+-------------------------------------------
     0 | D:1      | nht the Troll Fighter began the quest for the Orb.
     0 | D:1      | Reached XP level 1. HP: 22/22 MP: 0/0
   177 | D:1      | Reached XP level 2. HP: 25/29 MP: 1/1
   255 | D:1      | Reached skill level 3 in Unarmed Combat
   492 | D:1      | Found a faded altar of an unknown god.
   965 | D:2      | Reached XP level 3. HP: 36/36 MP: 2/2
  1168 | D:2      | Found Foirratigg's Magic Scroll Shoppe.
  1173 | D:2      | Bought a scroll of teleportation for 33 gold pieces
  1214 | D:2      | Reached skill level 4 in Unarmed Combat
  1214 | D:2      | Reached XP level 4. HP: 10/44 MP: 3/3
  1220 | D:2      | Reached skill level 5 in Unarmed Combat
  1487 | D:3      | Reached XP level 5. HP: 32/50 MP: 4/4
  2292 | D:4      | Noticed an ogre
  2298 | D:4      | Reached skill level 6 in Unarmed Combat
  2303 | D:4      | Killed an ogre
  2304 | D:4      | Reached XP level 6. HP: 55/59 MP: 5/5
  2636 | D:4      | Reached skill level 7 in Unarmed Combat
  2855 | D:4      | Found Qyvuwoll's Lightly-Used Armoury.
  3046 | D:5      | Entered Level 5 of the Dungeon
  3084 | D:5      | Reached XP level 7. HP: 43/66 MP: 6/6
  3268 | D:5      | Reached skill level 8 in Unarmed Combat
  3399 | D:5      | Found Wotitikk's Antique Armour Shop.
  3785 | D:5      | Reached skill level 9 in Unarmed Combat
  3984 | D:5      | Reached XP level 8. HP: 74/74 MP: 7/7
  4221 | D:6      | Reached skill level 10 in Unarmed Combat
  4234 | D:6      | Found a staircase to the Ecumenical Temple.
  4241 | Temple   | Entered the Ecumenical Temple
  4300 | Temple   | Became a worshipper of Warmaster Okawaru
  4329 | D:6      | Identified the ring "Doucy" {rPois rF+ Will- Str+7}
  4336 | D:6      | Noticed Menkaure
  4346 | D:6      | Reached skill level 1 in Throwing
  4346 | D:6      | Reached skill level 1 in Invocations
  4348 | D:6      | Killed Menkaure
  4427 | D:7      | Reached * piety under Okawaru
  4501 | D:7      | Reached XP level 9. HP: 66/83 MP: 9/9
  4808 | D:7      | Found a sand-covered staircase.
  4814 | Ossuary  | Entered an ossuary
  5401 | D:6      | Reached ** piety under Okawaru
  5761 | D:5      | Bought a pitted cloak for 209 gold pieces
  5761 | D:5      | Identified the +1 cloak of Precision Catastrophes {rC+}
                  | (You bought it in a shop on level 5 of the Dungeon)
  5833 | D:2      | Bought a scroll of fog for 22 gold pieces
  5833 | D:2      | Bought 3 scrolls of identify for 66 gold pieces
  5833 | D:2      | Bought a scroll of magic mapping for 38 gold pieces
  5833 | D:2      | Bought a scroll of fog for 22 gold pieces
  5833 | D:2      | Bought a scroll of magic mapping for 38 gold pieces
  5833 | D:2      | Bought a scroll of identify for 22 gold pieces
  5833 | D:2      | Bought a scroll of identify for 22 gold pieces
  5833 | D:2      | Bought a scroll of blinking for 82 gold pieces
  6073 | D:8      | Found a hazy altar of Hepliaklqana.
  6132 | D:8      | Noticed PeterLawrence's ghost (novice MiFi)
  6141 | D:8      | Found a runed translucent gate.
  6141 | D:8      | Found a runed translucent gate.
  6141 | D:8      | Found a runed translucent gate.
  6180 | D:8      | Reached skill level 11 in Unarmed Combat
  6236 | D:8      | Paralysed by a hornet for 2 turns
  6336 | D:8      | Reached skill level 1 in Armour
  6506 | D:8      | Reached XP level 10. HP: 94/94 MP: 8/12
  6549 | D:8      | Killed PeterLawrence's ghost
  6549 | D:8      | Reached *** piety under Okawaru
  6571 | D:8      | Got the Tome of the Aerial Glacier
  6721 | D:9      | Noticed a two-headed ogre
  6727 | D:9      | Killed a two-headed ogre
  6727 | D:9      | Reached **** piety under Okawaru
  6727 | D:9      | Received a gift from Okawaru
  6728 | D:9      | Reached skill level 5 in Fighting
  6728 | D:9      | Reached skill level 5 in Shields
  6753 | D:9      | Noticed a manticore
  6753 | D:9      | Noticed a wizard
  6754 | D:9      | Noticed a brown ugly thing
  6762 | D:9      | Killed a manticore
  6762 | D:9      | Received a gift from Okawaru
  6763 | D:9      | Reached skill level 5 in Throwing
  6763 | D:9      | Reached skill level 5 in Invocations
  6778 | D:9      | Killed a brown ugly thing
  6778 | D:9      | Received a gift from Okawaru
  6782 | D:9      | Killed a wizard
  6783 | D:9      | Reached XP level 11. HP: 104/104 MP: 6/13
  6808 | D:9      | Noticed a two-headed ogre
  6815 | D:9      | Killed a two-headed ogre
  6815 | D:9      | Received a gift from Okawaru
  6820 | D:9      | Noticed a five-headed hydra
  6825 | D:9      | Noticed an orc sorcerer
  6828 | D:9      | Killed a five-headed hydra
  6833 | D:9      | Killed an orc sorcerer
  6839 | D:9      | Reached ***** piety under Okawaru
  6845 | D:9      | Noticed an orc knight
  6856 | D:9      | Noticed an orc sorcerer
  6861 | D:9      | Killed an orc knight
  6866 | D:9      | Killed an orc sorcerer
  6866 | D:9      | Received a gift from Okawaru
  6997 | D:9      | Noticed a boulder beetle
  7006 | D:9      | Killed a boulder beetle
  7218 | D:9      | Reached skill level 12 in Unarmed Combat
  7277 | D:9      | Noticed a deep elf pyromancer
  7286 | D:9      | Killed a deep elf pyromancer
  8160 | D:10     | Entered Level 10 of the Dungeon
  8162 | D:10     | Noticed Grum
  8173 | D:10     | Killed Grum
  8356 | D:10     | Reached XP level 12. HP: 96/115 MP: 15/15
  8407 | D:10     | Found a staircase to the Lair.
  8639 | D:10     | Noticed a two-headed ogre
  8645 | D:10     | Killed a two-headed ogre
  8912 | D:10     | Found a runed translucent door.
  8912 | D:10     | Noticed an ogre mage
  8915 | D:10     | Killed an ogre mage
  8916 | D:10     | Reached skill level 5 in Armour
  8916 | D:10     | Noticed an anaconda
  8918 | D:10     | Noticed an alligator
  8918 | D:10     | an anaconda changed into an alligator
  8921 | D:10     | Noticed an azure jelly
  8921 | D:10     | an alligator changed into an azure jelly
  8931 | D:10     | an azure jelly changed into an iron troll
  8933 | D:10     | Noticed a fenstrider witch
  8933 | D:10     | an iron troll changed into a fenstrider witch
  8941 | D:10     | Noticed a sphinx
  8942 | D:10     | a sphinx changed into an iron troll
  8945 | D:10     | Noticed a quicksilver dragon
  8945 | D:10     | an iron troll changed into a quicksilver dragon
  8968 | D:10     | Noticed an eleionoma
  8968 | D:10     | a quicksilver dragon changed into an eleionoma
  8971 | D:10     | Killed an eleionoma
  9305 | D:10     | Received a gift from Okawaru
  9411 | Lair:1   | Entered Level 1 of the Lair of Beasts
  9425 | Lair:1   | Noticed Joseph
  9434 | Lair:1   | Killed Joseph
  9500 | Lair:1   | Found a dark tunnel.
  9511 | Volcano  | Entered a volcano
  9512 | Volcano  | Noticed a two-headed ogre
  9518 | Volcano  | Killed a two-headed ogre
  9546 | Volcano  | Noticed a two-headed ogre
  9549 | Volcano  | Noticed a two-headed ogre
  9555 | Volcano  | Killed a two-headed ogre
  9558 | Volcano  | Killed a two-headed ogre
  9606 | Volcano  | Reached XP level 13. HP: 113/124 MP: 17/17
  9766 | Volcano  | Noticed a fire dragon
  9776 | Volcano  | Killed a fire dragon
 10435 | Lair:1   | Reached skill level 13 in Unarmed Combat
 10745 | Lair:2   | Received a gift from Okawaru
 11118 | Lair:2   | Identified the +6 hunting sling of Okawaru's Generosity
                  | {vorpal, rF+++ rCorr Str-4 SInv} (Okawaru gifted it to you
                  | on level 2 of the Lair of Beasts)
 11118 | Lair:2   | Received a gift from Okawaru
 12133 | Lair:3   | Found a staircase to the Shoals.
 12540 | Lair:4   | Found a staircase to the Snake Pit.
 12644 | Lair:4   | Received a gift from Okawaru
 12958 | Lair:4   | Found a blossoming altar of Fedhas.
 13046 | Lair:4   | Reached XP level 14. HP: 137/137 MP: 19/19
 13121 | Lair:4   | Reached ****** piety under Okawaru
 14229 | Lair:6   | Entered Level 6 of the Lair of Beasts
 14453 | Lair:6   | Identified the +9 morningstar of Ydwaovoe {venom, rElec rF+
                  | Int+2} (Okawaru gifted it to you on level 6 of the Lair of
                  | Beasts)
 14453 | Lair:6   | Received a gift from Okawaru
 14885 | Lair:6   | Received a gift from Okawaru
 14891 | Lair:6   | Reached skill level 14 in Unarmed Combat
 15085 | Lair:6   | Identified the +3 trident "Xeuv" {freeze, Str+3} (Okawaru
                  | gifted it to you on level 6 of the Lair of Beasts)
 15085 | Lair:6   | Received a gift from Okawaru
 15129 | Lair:6   | Found a staircase to the Slime Pits.
 15447 | Lair:6   | Reached XP level 15. HP: 146/146 MP: 21/21
 16171 | D:11     | Reached skill level 10 in Invocations
 16195 | D:11     | Found a flagged portal.
 16231 | Bailey   | Entered a bailey
 16236 | Bailey   | Noticed an orc warlord
 16297 | Bailey   | Found a runed translucent gate.
 16297 | Bailey   | Found a runed translucent gate.
 16297 | Bailey   | Found a runed translucent gate.
 16324 | Bailey   | Killed an orc warlord
 16324 | Bailey   | Received a gift from Okawaru
 16340 | Bailey   | Identified the +10 dagger of the Pure Emperors {flame,
                  | rPois Str+5 Int+2 Dex-5}
 16564 | D:11     | Acquired 848 gold pieces
 16566 | D:11     | Acquired 479 gold pieces
 16655 | D:11     | Reached skill level 10 in Throwing
 16990 | D:11     | Found a staircase to the Orcish Mines.
 17029 | Orc:1    | Entered Level 1 of the Orcish Mines
 17036 | Orc:1    | Noticed an orc warlord
 17051 | Orc:1    | Noticed an orc warlord
 17052 | Orc:1    | Killed an orc warlord
 17158 | Orc:1    | Killed an orc warlord
 17222 | Orc:2    | Entered Level 2 of the Orcish Mines
 17262 | Orc:1    | Found Varyfavvo's Overcharged Wands.
 17737 | Orc:2    | Found a staircase to the Elven Halls.
 17806 | Orc:2    | Noticed Sonja
 17821 | Orc:2    | Killed Sonja
 18311 | Orc:2    | Noticed Saint Roka
 18347 | Orc:2    | Killed Saint Roka
 18348 | Orc:2    | Reached skill level 10 in Shields
 18555 | Orc:2    | Reached skill level 10 in Fighting
 18575 | Orc:2    | Found Pamer's Assorted Antiques.
 18575 | Orc:2    | Found Guilam's Magic Scroll Shoppe.
 18596 | Orc:2    | Bought a potion of mutation for 264 gold pieces
 18596 | Orc:2    | Bought a potion of curing for 99 gold pieces
 18596 | Orc:2    | Bought a potion of haste for 330 gold pieces
 18596 | Orc:2    | Bought a potion of curing for 99 gold pieces
 18596 | Orc:2    | Bought a potion of attraction for 99 gold pieces
 18596 | Orc:2    | Bought a potion of heal wounds for 165 gold pieces
 18596 | Orc:2    | Bought a potion of attraction for 99 gold pieces
 18596 | Orc:2    | Bought a potion of mutation for 264 gold pieces
 18596 | Orc:2    | Bought a scroll of fear for 115 gold pieces
 18605 | Orc:2    | Bought 3 scrolls of acquirement for 1872 gold pieces
 18605 | Orc:2    | Bought a scroll of fear for 42 gold pieces
 18605 | Orc:2    | Bought a scroll of teleportation for 36 gold pieces
 18638 | Orc:2    | Found Jouqow's General Store.
 18638 | Orc:2    | Found Oxkyfug's General Store.
 18644 | Orc:2    | Bought 3 boomerangs for 21 gold pieces
 18644 | Orc:2    | Bought a potion of mutation for 112 gold pieces
 18653 | Orc:2    | Bought a scroll of magic mapping for 56 gold pieces
 18698 | Orc:2    | Acquired a +1 tower shield of cold resistance
 18700 | Orc:2    | Acquired a manual of Fighting
 18702 | Orc:2    | Acquired 603 gold pieces
 18725 | Orc:2    | Bought a scroll of acquirement for 624 gold pieces
 18725 | Orc:2    | Acquired the ring of the Five Freezing Seas {rElec Will+
                  | Dex+2 Stlth+}
 18976 | D:12     | Noticed Psyche
 18984 | D:12     | Killed Psyche
 19020 | D:12     | Found a gate leading to a gauntlet.
 19035 | D:12     | Found a portal to a secret trove of treasure.
 19044 | Gauntlet | Entered a Gauntlet
 19044 | Gauntlet | Found a transporter.
 19053 | Gauntlet | Found a transporter.
 19068 | Gauntlet | Found a transporter.
 19073 | Gauntlet | Found a transporter.
 19088 | Gauntlet | Found a transporter.
 19107 | Gauntlet | Found a transporter.
 19119 | Gauntlet | Found a transporter.
 19125 | Gauntlet | Found a transporter.
 19140 | Gauntlet | Found a transporter.
 19152 | Gauntlet | Found a transporter.
 19164 | Gauntlet | Found a transporter.
 19170 | Gauntlet | Found a transporter.
 19170 | Gauntlet | Found a transporter.
 19209 | Gauntlet | Found a transporter.
 19236 | Gauntlet | Found a transporter.
 19256 | Gauntlet | Found a transporter.
 19332 | Gauntlet | Identified the +0 shortbow of Barnacled Guilt {flame, rCorr
                  | Str+2 Int-2}
 19348 | Gauntlet | Found a transporter.
 19455 | Gauntlet | Found a transporter.
 19460 | Gauntlet | Received a gift from Okawaru
 19498 | Gauntlet | Reached skill level 15 in Unarmed Combat
 19570 | Gauntlet | Identified the ring of Gluttony {Fly rElec rC- rN+ AC+4}
 19612 | Gauntlet | Got the Reference Book on the Spatial Blaze
 19647 | D:12     | Noticed Snorg
 19663 | D:12     | Killed Snorg
 19663 | D:12     | Received a gift from Okawaru
 19664 | D:12     | Reached XP level 16. HP: 78/161 MP: 10/22
 19738 | D:12     | Noticed Rupert
 19743 | D:12     | Killed Rupert
 20202 | D:12     | Noticed Erolcha
 20205 | D:12     | Killed Erolcha
 21001 | D:13     | Found a gate to the Vaults.
 21010 | D:13     | Found a runed translucent gate.
 21010 | D:13     | Found a runed translucent gate.
 21016 | D:13     | Found a runed translucent gate.
 21030 | D:13     | Received a gift from Okawaru
 21586 | D:13     | Found a runed translucent gate.
 21586 | D:13     | Found a runed translucent gate.
 21590 | D:13     | Found a runed translucent gate.
 21590 | D:13     | Noticed totalnoob's ghost (journeyman PaWr)
 22300 | D:15     | Entered Level 15 of the Dungeon
 22398 | D:15     | Noticed Agnes
 22405 | D:15     | Killed Agnes
 22442 | D:15     | Noticed Azrael
 22452 | D:15     | Killed Azrael
 22468 | D:15     | Found a staircase to the Depths.
 22507 | D:15     | Found a white marble altar of Elyvilon.
 22514 | D:15     | Found Etrox's Weapon Shop.
 22522 | D:15     | Bought 3 atropa-tipped darts for 32 gold pieces
 22522 | D:15     | Bought 4 large rocks for 50 gold pieces
 22522 | D:15     | Bought 5 curare-tipped darts for 54 gold pieces
 22679 | D:15     | Noticed Kirke
 22699 | D:15     | Killed Kirke
 22804 | D:15     | Got Nizxyim's Compendium of the Mountains and the Entourage
 23198 | D:15     | Received a gift from Okawaru
 23199 | D:15     | Reached skill level 15 in Fighting
 23704 | Shoals:1 | Entered Level 1 of the Shoals
 23738 | Shoals:1 | Found a runed translucent gate.
 23738 | Shoals:1 | Found a runed translucent gate.
 23738 | Shoals:1 | Found a runed translucent gate.
 23739 | Shoals:1 | Found an opulent altar of Gozag.
 23739 | Shoals:1 | Noticed Wevinn's ghost (adept DsFi)
 23783 | Shoals:1 | You fall into a shaft and drop 1 floor!
 23879 | Shoals:2 | Identified the amulet of Gemi {Regen+ Str+6 Int-5 Slay+3}
 24187 | Shoals:1 | Received a gift from Okawaru
 24319 | Shoals:1 | You fall into a shaft and drop 1 floor!
 24323 | Shoals:2 | Reached XP level 17. HP: 184/184 MP: 23/23
 24383 | Shoals:2 | Found Merr's Jewellery Boutique.
 24392 | Shoals:2 | Reached skill level 16 in Unarmed Combat
 24558 | Shoals:2 | Received a gift from Okawaru
 25099 | Shoals:1 | Killed Wevinn's ghost
 25174 | Shoals:1 | Bought a potion of mutation for 192 gold pieces
 25174 | Shoals:1 | Bought a scroll of blinking for 180 gold pieces
 25528 | Shoals:3 | Found a flickering gateway to a bazaar.
 25541 | Bazaar   | Entered a bazaar
 25550 | Bazaar   | Found Sutint's Antique Armour Shop.
 25558 | Bazaar   | Found Vaehea's Assorted Antiques.
 25584 | Bazaar   | Found Vavix's Magic Scroll Shop.
 25592 | Bazaar   | Bought a scroll of blinking for 82 gold pieces
 25592 | Bazaar   | Bought a scroll of fog for 22 gold pieces
 25592 | Bazaar   | Bought a scroll of teleportation for 33 gold pieces
 25594 | Bazaar   | Found Faobon's Armour Boutique.
 25633 | Bazaar   | Bought a potion of heal wounds for 105 gold pieces
 25805 | Shoals:3 | Reached skill level 17 in Unarmed Combat
 25857 | Shoals:3 | Noticed Ilsuiw
 25897 | Shoals:3 | Killed Ilsuiw
 26371 | Shoals:4 | Entered Level 4 of the Shoals
 26875 | Shoals:4 | Identified the +4 kite shield "Tafeog" {rN+ Stlth+}
                  | (Okawaru gifted it to you on level 4 of the Shoals)
 26875 | Shoals:4 | Received a gift from Okawaru
 26879 | Shoals:4 | Reached skill level 18 in Unarmed Combat
 27523 | Shoals:4 | Got a barnacled rune of Zot
 27686 | Snake:1  | Entered Level 1 of the Snake Pit
 27711 | Snake:1  | Reached skill level 19 in Unarmed Combat
 27722 | Snake:1  | Reached XP level 18. HP: 129/193 MP: 24/24
 28318 | Snake:1  | Received a gift from Okawaru
 28556 | Snake:2  | Noticed Roxanne
 28577 | Snake:2  | Killed Roxanne
 28577 | Snake:2  | Received a gift from Okawaru
 28652 | Snake:2  | Found an ornate altar of the Wu Jian Council.
 29450 | D:12     | You paid a toll of 4 potions of resistance to enter a
                  | treasure trove
 29451 | Trove    | Entered a treasure trove
 29461 | Trove    | Got Sif Muna's Volume of Stones
 29471 | Trove    | Got Sif Muna's Catalogue of Gliding Flames
 29480 | Trove    | Got Cialodet's Handbook of the Ensnaring Arsonist
 29490 | Trove    | Got Sif Muna's Reference Book on Poisoning and the
                  | Snowflakes
 29760 | Snake:3  | Found Ahaalaat's Assorted Antiques.
 29776 | Snake:3  | Reached skill level 20 in Unarmed Combat
 30159 | Snake:3  | Reached skill level 5 in Dodging
 30602 | Snake:4  | Entered Level 4 of the Snake Pit
 30611 | Snake:4  | Received a gift from Okawaru
 31022 | Snake:4  | Found a runed translucent gate.
 31022 | Snake:4  | Found a runed translucent gate.
 31022 | Snake:4  | Found a runed translucent gate.
 31568 | Snake:4  | Received a gift from Okawaru
 31569 | Snake:4  | Reached skill level 10 in Dodging
 31921 | Snake:4  | Noticed Voveif's ghost (adept VSFi)
 31921 | Snake:4  | Noticed Obyirul's ghost (adept MiFi)
 32119 | Snake:4  | Identified the +4 hand axe of Slow Death {freeze, +Blink
                  | rF+ Int+2 Stlth-}
 32437 | Snake:4  | Got a serpentine rune of Zot
 32576 | Snake:4  | Killed Obyirul's ghost
 32576 | Snake:4  | Received a gift from Okawaru
 32577 | Snake:4  | Reached XP level 19. HP: 182/201 MP: 23/25
 32580 | Snake:4  | Killed Voveif's ghost
 32874 | Elf:1    | Entered Level 1 of the Elven Halls
 32987 | Elf:1    | Paralysed by an air elemental for 1 turns
 32996 | Elf:1    | Paralysed by an air elemental for 1 turns
 33149 | Elf:1    | Found a runed translucent door.
 33658 | Elf:1    | Noticed Puph's ghost (adept DrCj)
 33658 | Elf:1    | Found the +8 demon blade "Leech" {vamp, *Rage +Rage rN+}
 33658 | Elf:1    | Found the necklace of Bloodlust {*Rage +Rage Will++ Int-3
                  | Slay+6}
 33912 | Elf:1    | Killed Puph's ghost
 34013 | Elf:2    | Paralysed by an air elemental for 1 turns
 34174 | Elf:2    | Found Enur Fuina's Antique Armour Shoppe.
 34277 | Elf:2    | Found a runed translucent gate.
 34278 | Elf:2    | Found a runed translucent gate.
 34278 | Elf:2    | Found a runed translucent gate.
 34309 | Elf:2    | Received a gift from Okawaru
 34856 | Elf:2    | Reached skill level 10 in Armour
 35135 | Elf:3    | Entered Level 3 of the Elven Halls
 35364 | Elf:3    | Received a gift from Okawaru
 35649 | Elf:3    | Received a gift from Okawaru
 35662 | Elf:3    | Reached XP level 20. HP: 193/211 MP: 20/27
 35736 | Elf:3    | Identified the ring "Rorch" {rF+ Will++ Dex+3 Stlth-}
 35923 | Elf:3    | Identified the +6 dagger "Zehorim" {elec, +Rage rCorr
                  | Int-3}
 36025 | Elf:3    | Identified the +1 robe of Meediosy {Str+2 Int+5}
 36033 | Elf:3    | Identified the +0 ring mail of Lust {rN+ Regen+}
 36577 | Vaults:1 | Entered Level 1 of the Vaults
 36577 | Vaults:1 | Found Rameck's Antique Armour Shop.
 36595 | Vaults:1 | Found Taunnos's Jewellery Shop.
 36638 | Vaults:1 | Found Woateav's Jewellery Shop.
 36654 | Vaults:1 | Bought the amulet "Zutoqicw" {Reflect rPois rF+ Regen+
                  | Str-2 SH+5} for 704 gold pieces
 36719 | Vaults:1 | Received a gift from Okawaru
 37148 | Vaults:1 | Found Wueg's Assorted Antiques.
 38013 | Vaults:1 | Identified the +7 fustibalus of Enoer {vorpal, +Blink rElec
                  | rN+ Str-4}
 38046 | Vaults:2 | Reached skill level 21 in Unarmed Combat
 38068 | Vaults:2 | Received a gift from Okawaru
 38197 | Vaults:2 | Noticed Margery
 38225 | Vaults:2 | Killed Margery
 38226 | Vaults:2 | Reached XP level 21. HP: 206/222 MP: 22/28
 38792 | Vaults:2 | Found Hipsotz's Weapon Emporium.
 38942 | Vaults:2 | Identified the +6 war axe of Conflict {spect, Stlth+}
                  | (Okawaru gifted it to you on level 2 of the Vaults)
 38942 | Vaults:2 | Received a gift from Okawaru
 39282 | Vaults:2 | Found a staircase to the Crypt.
 39662 | Vaults:3 | Identified the +7 mace "Nesiezave" {freeze, Int+4 Dex-3
                  | SInv} (Okawaru gifted it to you on level 3 of the Vaults)
 39662 | Vaults:3 | Received a gift from Okawaru
 40086 | Vaults:3 | Found Yttok's Armour Emporium.
 40268 | Vaults:3 | Noticed Xtahua
 40277 | Vaults:3 | Killed Xtahua
 41144 | Vaults:4 | Identified the +2 hat of Hedging {rPois rF- Regen+ Int+4}
                  | (Okawaru gifted it to you on level 4 of the Vaults)
 41144 | Vaults:4 | Received a gift from Okawaru
 41375 | Vaults:4 | Got the Handbook of the Mountains
 41958 | Vaults:4 | Reached XP level 22. HP: 172/234 MP: 22/29
 42246 | Vaults:4 | Got Sif Muna's Incunabulum of Flames
 42480 | Vaults:5 | Entered Level 5 of the Vaults
 42556 | Vaults:5 | Identified the +8 great mace "Vaud" {elec, rElec rF+ Will++
                  | Str+4}
 42571 | Vaults:5 | Identified the +1 shortbow of Voamoes {venom, Str+5}
                  | (Okawaru gifted it to you on level 5 of the Vaults)
 42571 | Vaults:5 | Received a gift from Okawaru
 42756 | Vaults:5 | Received a gift from Okawaru
 43084 | Vaults:5 | Reached skill level 22 in Unarmed Combat
 43204 | Vaults:5 | Identified the +7 flail of Courage {holy, Will+}
 43304 | Vaults:5 | Identified the +0 buckler of the Vestibule of Hell {rF-
                  | Str+5}
 43336 | Vaults:5 | Received a gift from Okawaru
 43449 | Vaults:5 | Identified the +3 morningstar of Ruination {spect, Int+4}
 43450 | Vaults:5 | Reached XP level 23. HP: 244/244 MP: 30/30
 43473 | Vaults:5 | Identified the amulet of Xom's Bemusement {Spirit Rampage
                  | rF++ Dex-4 Slay+5}
 43525 | Vaults:5 | Got a silver rune of Zot
 43528 | Vaults:5 | Found the +2 hat of the Bear Spirit {Spirit, +Rage rN+
                  | Will++}
 44166 | Depths:1 | Entered Level 1 of the Depths
 44479 | Depths:1 | Identified the amulet "Ifohedd" {Spirit Harm rElec Stlth+}
 45111 | Depths:1 | Found a gateway to Hell.
 45210 | Depths:1 | Found Ukhlon's Jewellery Shop.
 45211 | Depths:1 | Found Varocil's Book Shoppe.
 45212 | Depths:1 | Found Kysimn's Jewellery Shop.
 45456 | Depths:2 | Received a gift from Okawaru
 45462 | Depths:2 | Found Ymno's Antique Weapon Shop.
 45495 | Depths:2 | Paralysed by a floating eye for 3 turns
 45524 | Depths:2 | Identified the +0 hat of a wizard's laboratory {rPois rN+
                  | Will+} (Okawaru gifted it to you on level 2 of the Depths)
 45524 | Depths:2 | Received a gift from Okawaru
 45616 | Depths:2 | Reached skill level 15 in Throwing
 45802 | Depths:2 | Found Riozxata's Book Emporium.
 45808 | Depths:2 | Noticed Nikola
 45818 | Depths:2 | Killed Nikola
 45831 | Depths:2 | Found a one-way gate leading to the halls of Pandemonium.
 45926 | Depths:2 | Found a radiant altar of Vehumet.
 45973 | Depths:2 | Found a gateway to a ziggurat.
 45989 | Depths:2 | Found Nichifot's Magic Scroll Boutique.
 46056 | Depths:2 | Found Ygiow's Book Boutique.
 46130 | Depths:2 | Reached XP level 24. HP: 227/256 MP: 30/30
 46166 | Depths:2 | Bought a scroll of teleportation for 42 gold pieces
 46166 | Depths:2 | Bought a scroll of blinking for 105 gold pieces
 46166 | Depths:2 | Bought a scroll of blinking for 105 gold pieces
 46166 | Depths:2 | Bought a scroll of acquirement for 728 gold pieces
 46166 | Depths:2 | Bought a scroll of fog for 28 gold pieces
 46166 | Depths:2 | Acquired 877 gold pieces
 46467 | Depths:2 | Paralysed by a floating eye for 4 turns
 46642 | Depths:3 | Received a gift from Okawaru
 46896 | Depths:3 | Found Xiotemm's Magic Scroll Shop.
 46901 | Depths:3 | Bought a scroll of fog for 30 gold pieces
 46961 | Depths:3 | Received a gift from Okawaru
 47168 | Depths:3 | Received a gift from Okawaru
 47608 | Depths:4 | Found a one-way gate to the infinite horrors of the Abyss.
 47796 | Depths:4 | Received a gift from Okawaru
 47871 | Depths:4 | Noticed a juggernaut
 47876 | Depths:4 | Killed a juggernaut
 47923 | Depths:4 | You are sucked into a shaft and drop 1 floor!
 47923 | Depths:5 | Entered Level 5 of the Depths
 48182 | Depths:5 | Reached skill level 15 in Shields
 48182 | Depths:5 | Reached skill level 23 in Unarmed Combat
 48375 | Depths:5 | Identified the +15 ice dragon scales of Vanity {rF- rC++
                  | Dex+5 Slay+3} (Okawaru gifted it to you on level 5 of the
                  | Depths)
 48375 | Depths:5 | Received a gift from Okawaru
 48386 | Depths:5 | ok
 48848 | Depths:4 | Reached XP level 25. HP: 218/266 MP: 30/30
 49231 | Depths:5 | Found Quvyiw's Antique Weapon Shoppe.
 49439 | Depths:5 | Reached skill level 15 in Armour
 49502 | Depths:5 | Noticed a juggernaut
 49508 | Depths:5 | Killed a juggernaut
 49508 | Depths:5 | Received a gift from Okawaru
 49773 | Depths:5 | Found a gate to the Realm of Zot.
 49792 | Depths:5 | Identified the +5 giant club of Nuwagidu {vorpal, rC+++
                  | Str+3 Int-5} (Okawaru gifted it to you on level 5 of the
                  | Depths)
 49792 | Depths:5 | Received a gift from Okawaru
 50124 | Vaults:1 | Bought a ring of resist corrosion for 320 gold pieces
 50335 | Depths:2 | Bought a scroll of enchant armour for 105 gold pieces
 50665 | Slime:1  | Entered Level 1 of the Pits of Slime
 50683 | Slime:1  | Gained mutation: You sometimes lose the ability to read
                  | scrolls when taking damage. [a shining eye]
 50817 | Slime:2  | Noticed Dissolution
 50821 | Arena    | Entered the Arena
 50824 | Arena    | Killed Dissolution
 51220 | Slime:2  | Gained mutation: You are weak. (Str -2) [a shining eye]
 51222 | Slime:2  | Gained mutation: You are frail. (-10% HP) [a shining eye]
 51241 | Slime:2  | You fall into a shaft and drop 1 floor!
 51337 | Slime:2  | Identified the +6 gold dragon scales "Lutiegu" {Rampage
                  | +Inv rPois rF+ rC+ Str-3} (Okawaru gifted it to you on
                  | level 2 of the Pits of Slime)
 51337 | Slime:2  | Received a gift from Okawaru
 51843 | Slime:3  | Gained mutation: You are dopey. (Int -2) [a shining eye]
 52032 | Slime:5  | Entered Level 5 of the Pits of Slime
 52064 | Slime:5  | Paralysed by a floating eye for 2 turns
 52098 | Slime:5  | Reached skill level 24 in Unarmed Combat
 52115 | Slime:5  | Gained mutation: Potions are less effective at restoring
                  | your health. [a shining eye]
 52115 | Slime:5  | Noticed the Royal Jelly
 52121 | Arena    | Entered the Arena
 52127 | Arena    | Killed the Royal Jelly
 52265 | Slime:5  | Found the +8 longbow "Zephyr" {speed, Dex+3 SInv}
 52265 | Slime:5  | Lost mutation: Potions are less effective at restoring your
                  | health. [a shining eye]
 52268 | Slime:5  | Gained mutation: Your spells are a little easier to cast,
                  | but a little less powerful. [a shining eye]
 52347 | Slime:5  | Identified the +0 pair of gloves of Refug {rElec}
 52378 | Slime:5  | Got a slimy rune of Zot
 52452 | Slime:5  | Reached XP level 26. HP: 252/252 MP: 30/30
 52856 | Slime:4  | Received a gift from Okawaru
 54214 | Zot:1    | Entered Level 1 of the Realm of Zot
 54504 | Zot:1    | Noticed an orb of fire
 54510 | Zot:1    | Gained mutation: You have a somewhat thin skeletal
                  | structure. (Dex +2, Stealth+) [an orb of fire]
 54517 | Zot:1    | Gained mutation: Your body sometimes deteriorates upon
                  | taking damage. [an orb of fire]
 54539 | Zot:1    | Killed an orb of fire
 55608 | Zot:2    | Received a gift from Okawaru
 55972 | Zot:2    | Received a gift from Okawaru
 56075 | Zot:3    | Received a gift from Okawaru
 56161 | Zot:3    | Reached skill level 25 in Unarmed Combat
 56535 | Zot:3    | Received a gift from Okawaru
 56567 | Zot:3    | Reached XP level 27. HP: 263/263 MP: 30/30
 57550 | Zot:5    | Entered Level 5 of the Realm of Zot
 57563 | Zot:5    | Identified the +6 gold dragon scales of the Exiled Hells
                  | {rPois rF+ rC+ Slay+3} (Okawaru gifted it to you on level 5
                  | of the Realm of Zot)
 57563 | Zot:5    | Received a gift from Okawaru
 58683 | Temple   | Fell from the grace of Okawaru
 58683 | Temple   | Became a worshipper of the Shining One
 59003 | Crypt:1  | Entered Level 1 of the Crypt
 59107 | Crypt:1  | Reached * piety under the Shining One
 59282 | Crypt:1  | Reached ** piety under the Shining One
 59324 | Crypt:1  | Identified the amulet "Pazxob" {Reflect Str+3 SH+5}
 59706 | Crypt:1  | Reached *** piety under the Shining One
 59880 | Crypt:2  | Reached **** piety under the Shining One
 59989 | Crypt:2  | Reached ***** piety under the Shining One
 60024 | Crypt:2  | Lost mutation: You are dopey. (Int -2) [potion of mutation]
 60024 | Crypt:2  | Lost mutation: You have a somewhat thin skeletal structure.
                  | (Dex +2, Stealth+) [potion of mutation]
 60024 | Crypt:2  | Lost mutation: You are weak. (Str -2) [potion of mutation]
 60024 | Crypt:2  | Lost mutation: Your body sometimes deteriorates upon taking
                  | damage. [potion of mutation]
 60024 | Crypt:2  | Gained mutation: Your flesh is heat resistant. (rF+)
                  | [potion of mutation]
 60024 | Crypt:2  | Gained mutation: You have a pair of small antennae on your
                  | head. [potion of mutation]
 60026 | Crypt:2  | Lost mutation: You are frail. (-10% HP) [potion of
                  | mutation]
 60026 | Crypt:2  | Lost mutation: You sometimes lose the ability to read
                  | scrolls when taking damage. [potion of mutation]
 60026 | Crypt:2  | Lost mutation: Your spells are a little easier to cast, but
                  | a little less powerful. [potion of mutation]
 60026 | Crypt:2  | Gained mutation: You possess an exceptional clarity of
                  | mind. [potion of mutation]
 60026 | Crypt:2  | Gained mutation: You are partially covered in iridescent
                  | scales. (AC +2) [potion of mutation]
 60349 | Crypt:2  | Identified the +5 shortbow of Success {flame, rCorr Str+4}
 60413 | Crypt:2  | Found a runed door.
 60509 | Crypt:2  | Reached ****** piety under the Shining One
 60720 | Crypt:2  | Found the ring of the Mage {Wiz Will++ Int+3}
 60736 | Crypt:2  | Noticed an ancient lich
 60743 | Crypt:2  | Killed an ancient lich
 60941 | Crypt:2  | Noticed a dread lich
 60945 | Crypt:2  | Noticed a dread lich
 60957 | Crypt:2  | Killed a dread lich
 61143 | Crypt:2  | Killed a dread lich
 61185 | Crypt:2  | Found the +6 lightning scales {swift, rElec}
 61195 | Crypt:2  | Acquired 1055 gold pieces
 61212 | Crypt:2  | Identified the +2 cloak of Tuaple {rElec Will+}
 61269 | Crypt:3  | Entered Level 3 of the Crypt
 61269 | Crypt:3  | Found a staircase to the Tomb.
 61490 | Crypt:3  | Reached skill level 26 in Unarmed Combat
 61784 | Crypt:3  | Found an ancient bone altar of Kikubaaqudgha.
 61962 | Crypt:3  | Noticed Jory
 61972 | Crypt:3  | Killed Jory
 62191 | Crypt:3  | Identified the ring "Tivaerhihau" {rN+ rCorr MP+9 Stlth-}
 62191 | Crypt:3  | Identified the ring "Museil" {rF+ rC++ rN+ Dex-2}
 62191 | Crypt:3  | Identified the ring "Wiotomar" {rN+ Str+3 Int+2}
 62942 | Pan      | Entered Pandemonium
 63008 | Pan      | Gained mutation: Armour fits poorly on your strangely
                  | shaped body. [a cacodemon]
 63129 | Pan      | Noticed Vuma the pandemonium lord
 63130 | Pan      | Reached skill level 15 in Invocations
 63171 | Pan      | Killed Vuma the pandemonium lord
 63186 | Pan      | Found an exit through the horrors of the Abyss.
 63242 | Pan      | Noticed Vegum the pandemonium lord
 63261 | Pan      | Killed Vegum the pandemonium lord
 63321 | Pan      | Acquired 1301 gold pieces
 63509 | Pan      | Entered the realm of Gloorx Vloq.
 63585 | Pan      | Found an exit through the horrors of the Abyss.
 64314 | Pan      | Noticed Gloorx Vloq
 64329 | Pan      | Killed Gloorx Vloq
 64346 | Pan      | Got a dark rune of Zot
 64493 | Pan      | Noticed Usoogg the pandemonium lord
 64501 | Pan      | Killed Usoogg the pandemonium lord
 64673 | Pan      | Gained mutation: You are dopey. (Int -2) [a cacodemon]
 65012 | Pan      | Got a demonic rune of Zot
 65097 | Pan      | Noticed Zaopnuec the pandemonium lord
 65176 | Pan      | Killed Zaopnuec the pandemonium lord
 65320 | Pan      | Noticed Xuzataeb the pandemonium lord
 65358 | Pan      | Killed Xuzataeb the pandemonium lord
 65366 | Pan      | Reached skill level 27 in Unarmed Combat
 65367 | Pan      | Was forgiven by Okawaru
 65407 | Pan      | Entered the realm of Lom Lobon.
 65619 | Pan      | Found an exit through the horrors of the Abyss.
 66031 | Pan      | Noticed Lom Lobon
 66081 | Pan      | Killed Lom Lobon
 66088 | Pan      | Got a magical rune of Zot
 66184 | Pan      | Took an exit into the Abyss.
 66184 | Abyss:1  | Escaped into the Abyss
 66185 | Abyss:1  | oops
 66190 | Abyss:1  | Found a corrupted altar of Lugonu.
 66222 | Abyss:1  | Found a stormy altar of Qazlal.
 66277 | Abyss:2  | Found a corrupted altar of Lugonu.
 66475 | Abyss:3  | Got an abyssal rune of Zot
 66505 | Abyss:3  | Identified an amulet of Botuputz {Faith Regen+ Dex+4}
 66573 | Abyss:3  | Found a corrupted altar of Lugonu.
 66664 | Abyss:3  | Noticed an ancient lich
 66670 | Abyss:3  | Killed an ancient lich
 66673 | Depths:2 | Escaped the Abyss
 66682 | Pan      | Entered the realm of Cerebov.
 66682 | Pan      | Entered Pandemonium
 66908 | Pan      | Identified the +8 morningstar "Quwulluixt" {flame, rF+
                  | Str+4 Int+2}
 66955 | Pan      | Found the +6 sword of Cerebov {flame}
 66955 | Pan      | Noticed Cerebov
 66995 | Pan      | Killed Cerebov
 67044 | Pan      | Got a fiery rune of Zot
 67115 | Pan      | Entered the realm of Mnoleg.
 67124 | Pan      | Gained mutation: Your muscles are strong. (Str +2) [a
                  | cacodemon]
 67658 | Pan      | Found an exit through the horrors of the Abyss.
 67680 | Pan      | Gained mutation: You are frail. (-10% HP) [a neqoxec]
 67888 | Pan      | Noticed Mnoleg
 67899 | Pan      | Killed Mnoleg
 67968 | Pan      | Got a glowing rune of Zot
 68012 | Pan      | Lost mutation: You possess an exceptional clarity of mind.
                  | [potion of mutation]
 68012 | Pan      | Lost mutation: You are frail. (-10% HP) [potion of
                  | mutation]
 68012 | Pan      | Lost mutation: Your muscles are strong. (Str +2) [potion of
                  | mutation]
 68012 | Pan      | Gained mutation: Your muscles are strong. (Str +2) [potion
                  | of mutation]
 68012 | Pan      | Gained mutation: You possess an exceptional clarity of
                  | mind. [potion of mutation]
 68025 | Depths:2 | Escaped Pandemonium
 68411 | Tomb:1   | Entered Level 1 of the Tomb of the Ancients
 69170 | Tomb:1   | Noticed a royal mummy
 69181 | Tomb:1   | Killed a royal mummy
 69334 | Tomb:2   | Noticed a royal mummy
 69345 | Tomb:2   | Noticed a royal mummy
 69350 | Tomb:2   | Killed a royal mummy
 69356 | Tomb:2   | Noticed a royal mummy
 69368 | Tomb:2   | Killed a royal mummy
 69377 | Tomb:2   | Killed a royal mummy
 69378 | Tomb:2   | Noticed a royal mummy
 69384 | Tomb:2   | Killed a royal mummy
 69946 | Tomb:1   | Noticed a royal mummy
 69950 | Tomb:1   | Noticed a royal mummy
 69952 | Tomb:1   | Killed a royal mummy
 69965 | Tomb:1   | Noticed a royal mummy
 69967 | Tomb:1   | Noticed a royal mummy
 69968 | Tomb:1   | Killed a royal mummy
 70143 | Tomb:1   | Killed a royal mummy
 70225 | Tomb:1   | Noticed a royal mummy
 70229 | Tomb:1   | Noticed a royal mummy
 70236 | Tomb:1   | Killed a royal mummy
 70243 | Tomb:1   | Killed a royal mummy
 70358 | Tomb:1   | Noticed a royal mummy
 70362 | Tomb:1   | Noticed a royal mummy
 70364 | Tomb:1   | Noticed a royal mummy
 70367 | Tomb:1   | Killed a royal mummy
 70368 | Tomb:1   | Killed a royal mummy
 70369 | Tomb:1   | Killed a royal mummy
 70370 | Tomb:1   | Killed a royal mummy
 70427 | Tomb:1   | Noticed a royal mummy
 70432 | Tomb:1   | Killed a royal mummy
 70499 | Tomb:1   | Noticed a royal mummy
 70505 | Tomb:1   | Killed a royal mummy
 70525 | Tomb:1   | Noticed a royal mummy
 70539 | Tomb:1   | Killed a royal mummy
 70589 | Tomb:1   | Noticed a royal mummy
 70589 | Tomb:1   | Noticed a royal mummy
 70599 | Tomb:1   | Killed a royal mummy
 70600 | Tomb:1   | Killed a royal mummy
 70600 | Tomb:1   | Noticed a royal mummy
 70601 | Tomb:1   | Noticed a royal mummy
 70603 | Tomb:1   | Noticed a royal mummy
 70606 | Tomb:1   | Killed a royal mummy
 70787 | Tomb:1   | Killed a royal mummy
 70797 | Tomb:1   | Noticed a royal mummy
 70807 | Tomb:1   | Killed a royal mummy
 70918 | Tomb:1   | Noticed a royal mummy
 70920 | Tomb:1   | Noticed a royal mummy
 70931 | Tomb:1   | Killed a royal mummy
 70934 | Tomb:1   | Killed a royal mummy
 70939 | Tomb:1   | Killed a royal mummy
 71063 | Tomb:1   | Noticed a royal mummy
 71071 | Tomb:1   | Killed a royal mummy
 71230 | Tomb:3   | Entered Level 3 of the Tomb of the Ancients
 71253 | Tomb:3   | Noticed a royal mummy
 71259 | Tomb:3   | Noticed a royal mummy
 71261 | Tomb:3   | Noticed a royal mummy
 71262 | Tomb:3   | Noticed a royal mummy
 71268 | Tomb:3   | Killed a royal mummy
 71278 | Tomb:3   | Noticed a royal mummy
 71360 | Tomb:3   | Found the +10 Black Knight's barding {ponderous, rPois rN+}
 71388 | Tomb:3   | Killed a royal mummy
 71437 | Tomb:3   | Killed a royal mummy
 71438 | Tomb:3   | Noticed a royal mummy
 71448 | Tomb:3   | Killed a royal mummy
 71536 | Tomb:3   | Noticed a royal mummy
 71541 | Tomb:3   | Killed a royal mummy
 71559 | Tomb:3   | Killed a royal mummy
 71584 | Tomb:3   | Got a golden rune of Zot
 71650 | Tomb:3   | Noticed a royal mummy
 71662 | Tomb:3   | Killed a royal mummy
 71674 | Tomb:3   | Noticed a royal mummy
 71682 | Tomb:3   | Killed a royal mummy
 71950 | Tomb:3   | Killed a royal mummy
 72036 | Tomb:3   | Identified the ring of Mesikhluts {EV+4 Int+4}
 72125 | Tomb:3   | Identified the +0 mace "Soeq" {freeze, rPois Str+5}
 72647 | Hell     | Entered the Vestibule of Hell
 72647 | Hell     | Noticed Geryon
 72658 | Hell     | Killed Geryon
 72870 | Hell     | Found a gateway to the Iron City of Dis.
 72888 | Dis:1    | Entered Level 1 of the Iron City of Dis
 73074 | Dis:2    | Lost mutation: You possess an exceptional clarity of mind.
                  | [mutagenic glow]
 73284 | Dis:2    | is that corr constant?
 73430 | Dis:5    | Lost dexterity.
 73453 | Dis:5    | Lost dexterity.
 73468 | Dis:5    | wtf is this
 73618 | Hell     | Found a gateway to the ashen valley of Gehenna.
 73843 | Hell     | Found a gateway to the decaying netherworld of Tartarus.
 73919 | Hell     | Found a gateway to the freezing wastes of Cocytus.
 74131 | Geh:1    | Entered Level 1 of Gehenna
 74406 | Hell     | jesus
 74447 | Coc:1    | Entered Level 1 of Cocytus
 74777 | Temple   | Fell from the grace of the Shining One
 74777 | Temple   | Became a worshipper of Zin the Law-Giver
 74777 | Temple   | Reached * piety under Zin
 74777 | Temple   | Reached ** piety under Zin
 74777 | Temple   | Reached *** piety under Zin
 74777 | Temple   | Reached **** piety under Zin
 74777 | Temple   | Reached ***** piety under Zin
 75093 | Tar:1    | Entered Level 1 of Tartarus
 75210 | Tar:2    | Lost dexterity.
 75213 | Tar:2    | fuck this
 75440 | Depths:4 | Voluntarily entered the Abyss.
 75629 | Abyss:1  | Found a hide-covered altar of Uskayaw.
 75842 | Abyss:1  | Reached ****** piety under Zin
 76076 | Abyss:2  | Found a snail-covered altar of Cheibriados.
 76189 | Abyss:2  | Found a snail-covered altar of Cheibriados.
 76288 | Abyss:3  | Identified the +2 spear of Zain Mun {elec, rElec rF- SInv}
 76405 | Abyss:3  | this is painfully slow
 76521 | Depths:4 | Escaped the Abyss
 76533 | Zig:1    | Entered Level 1 of a ziggurat
 76550 | Zig:2    | Entered Level 2 of a ziggurat
 76574 | Zig:3    | Entered Level 3 of a ziggurat
 76600 | Zig:4    | Entered Level 4 of a ziggurat
 76602 | Zig:4    | Found the +3 warlock's mirror {reflect}
 76693 | Zig:5    | Entered Level 5 of a ziggurat
 76747 | Zig:6    | Entered Level 6 of a ziggurat
 76849 | Zig:6    | Identified the +9 great sword of the Heavens {vamp, rElec
                  | Dex+2}
 76854 | Zig:6    | does recite zig?
 76855 | Zig:7    | Entered Level 7 of a ziggurat
 76861 | Zig:7    | Found the ring of Shadows {Umbra +Inv Stlth+}
 76861 | Zig:7    | Noticed Xuitewent the pandemonium lord
 76868 | Zig:7    | Killed Xuitewent the pandemonium lord
 76869 | Zig:7    | well they have coronavirus
 76906 | Zig:7    | Got the Volume of Companions
 76916 | Zig:8    | Entered Level 8 of a ziggurat
 76925 | Zig:8    | Paralysed by an air elemental for 1 turns
 76928 | Zig:8    | Paralysed by an air elemental for 1 turns
 76932 | Zig:8    | Paralysed by an air elemental for 1 turns
 76941 | Zig:8    | Paralysed by an air elemental for 1 turns
 76945 | Zig:8    | Paralysed by an air elemental for 1 turns
 76949 | Zig:8    | Paralysed by an air elemental for 1 turns
 76960 | Zig:8    | Paralysed by an air elemental for 1 turns
 76969 | Zig:8    | Paralysed by an air elemental for 1 turns
 76981 | Zig:8    | Paralysed by an air elemental for 1 turns
 77107 | Zig:9    | Entered Level 9 of a ziggurat
 77193 | Zig:10   | Entered Level 10 of a ziggurat
 77211 | Zig:10   | Noticed an ancient lich
 77220 | Zig:10   | Killed an ancient lich
 77284 | Zig:10   | Identified the +7 rapier of Zuwn {vorpal, rElec rF+++ Dex-2
                  | Stlth+}
 77286 | Zig:11   | Entered Level 11 of a ziggurat
 77418 | Zig:11   | Got Finyghat's Reference Book on Arcane Weapons
 77443 | Zig:12   | Entered Level 12 of a ziggurat
 77612 | Zig:13   | Entered Level 13 of a ziggurat
 77660 | Zig:13   | Found the amulet of the Four Winds {rN+ Will+++ Clar}
 77759 | Zig:13   | Acquired the +0 mask of the Dragon {Will+ Slay+3 SInv}
 77759 | Zig:13   | Found the +0 mask of the Dragon {Will+ Slay+3 SInv}
 77794 | Zig:14   | Entered Level 14 of a ziggurat
 77826 | Zig:14   | Noticed Hatwol the pandemonium lord
 77848 | Zig:14   | Killed Hatwol the pandemonium lord
 77986 | Zig:14   | Got the Compendium of Shifting Arcane Weapons
 77991 | Zig:14   | Identified the ring "Jinimuan" {+Blink rC+ rCorr Str+3
                  | Int+6}
 78359 | Dis:6    | Lost mutation: Your muscles are strong. (Str +2) [mutagenic
                  | glow]
 78405 | Dis:7    | Entered Level 7 of the Iron City of Dis
 78695 | Dis:7    | Quit the game

Illustrated notes

*,,,,,,,*****+██████.██,,..
*,≈≈≈≈≈,***,,,* █..█,,,.█
*,≈***≈,+,,,,** █.██,,***
*,≈* *≈,**█..█ █.█,,****
*,≈* *≈,* █..█ █.█*+**,,
*,≈█**≈,* █..█ █.█*,,,,,
*,≈§≈≈≈,* █..█ █.█*+**,,
*,≈≈≈≈≈,* █..█ █.█,,****
*,.§...,* █..█ █.██,.██*
*,..§...███..█ █..█,..)█
*,.§§((('[@..███████.██....
*,≈§§§§.███...........██...
*,≈≈≈§§,* █.███████....██..
*,≈≈§§≈,* █.█ **█.██..██.
*,≈██*≈,* █.█ *,..█*█..██
*,≈* *≈,* █.█ *.█.█ *█...
*,≈***≈,* █.█****.█.█***█..
*,≈≈≈≈≈,* █..,,,.,...,,,,..
*,≈≈≈≈≈,* █.█****,███*****,
*,,,,,,,**█.█ ***+****** *,
*,,,,,,,*,,,***,,,,,,,,***,


Turn 48386 on Depths:5: ok ██ ███ █.. ... █.█ .. █.██.█ █.@.█ █..██..█ █. .██ █
.. █.. ... █.██ █. Turn 66185 on Abyss:1: oops ....∩.█..█ ......█..█ '
......'..█...█ ......█^.█... .....†██+██'██ ████......█..██████ █......'.......█
█...█).█.......█ █^..██.█'███...█ ....████)).██.^.█ ██.... ██..'..@.█ █....
██.█....█ ██.. █..█....█ █. █...█....█ █....█....█ █.....█....█ █......██████
███████ Turn 73284 on Dis:2: is that corr constant? ██████████ █....'...█
█....█. █.@..█... █....█.. .'....█.. ██████ ...█....█.. +....███████████'███
█...∩█.....█ █...█ █....█.....█ {█...█ ██+██).....█ {█...█ █...)█.....+{ █...█
█....█.....█ █...█ █....█.....█{ █...█ Turn 73468 on Dis:5: wtf is this █.≈█
██..██ ██... ██§█ ██...██ ██.... ███ ██§§...██ ██...█. ██≈█ █≈≈.....██ ██......
█.████≈..≈≈≈..██ ██..).... █.█≈█≈≈.≈≈.≈≈..████.[█..}..
█..§█≈..≈.[.≈≈..██...[.)... █......≈≈...[≈......[[)[...
█......≈.....≈........[).∩. █......≈≈....≈.........).).
█..≈≈≈..≈.@.≈§..██......... █.≈≈█≈≈.≈..≈≈..████..█..... █.≈███≈..≈≈≈..██
██....... █§≈█ █§≈.....██ ██...... ████ ██≈....██ ██...█. █§≈█ ██≈...██ ██....
█.§███≈≈..██ ██... █.≈§█§≈..██ ██... █..≈≈≈..██ ██.█.█ █...§§§██ ██..█'█
█.....██ ██.█.█.█ Turn 74406 on Hell: jesus ██... ... ...█ ...... ...█ .......
..██ ██...... ...█ ██......███..██ ██ █.........█...██.█ .....██..........█
...█.............█ █..(...........█ █...(@.........█ █.......((.......█ █
█.....██.((......█ ██.. █..... █.........██.... ███.. █.............█ █..
█.(...........█ .. █.(........██..█ █ ... █...........██..██.
.(...............█.. ..(████.█.........^.. ... ...██..........█ Turn 75213 on
Tar:2: fuck this .. .. █. .█ .. ..█ . █.. .██..█ ...█... .█..█ ██..█...█....█ .
..█.█.█...§██.█ █.█...█....█.. . █.....@█.....█ . █.§.█....█. █ ... .
███...█.██.█ .. █ █ █.█...█ █ .█ █..█..█...█.█ . █......█... █.
█..§.█..█.███..███.█ █ .██. █..█.████.██.██ █. █..█.██ █.█..██ . █ █..█..███..
█.█ .█.██.. .. .█ Turn 76405 on Abyss:3: this is painfully slow ▓▓▓▓▓▓▓▓▓
▓.......▓ ▓▓▓▓.......▓▓▓▓ ▓.............▓ ▓.......).....▓ ▓∩.)....).....▓
▓@)}.........∩▓ ▓∩............▓ ▓.............▓ ▓.............▓ ▓▓▓▓.......▓▓▓▓
▓.......▓ ▓▓▓▓▓▓▓▓▓ Turn 76854 on Zig:6: does recite zig? ▓▓▓▓▓▓▓▓▓ ▓.......▓
▓.......▓ ▓▓▓▓▓.......▓▓▓ ▓.............. ▓.........2...) ▓.........6...)
▓∩.....@6..6.{( ▓..........4..: ▓.............( ▓.............. ▓▓▓▓▓.......▓▓▓
▓.......▓ ▓.......▓ ▓▓▓▓▓▓▓▓▓ Turn 76869 on Zig:7: well they have coronavirus

Levels and vault maps discovered:
D:1:      erik_arrival_triangle_medium, layout_basic,
          ebering_ecumenical_altar_abandoned, minmay_misc_feat_rugged
D:2:      layout_basic, serial_shops, nicolae_square_shop, nrook_mini_backslash
D:3:      layout_loops_ring, chequers_serial_rivers_micro_e
D:4:      layout_loops_corners, minmay_shop_damaged
D:5:      layout_basic, serial_shops, nicolae_stop_n_shop_1, nrook_campfire,
          minmay_fountain_box
D:6:      layout_loops_ring, minmay_temple_entry_statues_pillars, uniq_menkaure
D:7:      wad_lake_hut, layout_rooms, nicolae_ossuary_entry_giza
D:8:      layout_rooms, nicolae_hepliaklqana_hippocampus, gammafunk_ghost_icy,
          nicolae_underground_beach
D:9:      minmay_the_grid_3x3 [minmay_the_grid_fan, minmay_the_grid_doors,
          minmay_the_grid_tri_star, minmay_the_grid_spikes,
          minmay_the_grid_armoury, minmay_the_grid_large_cup,
          minmay_the_grid_box_x, minmay_the_grid_tiny_cups,
          minmay_the_grid_prize_big_room], layout_layer_cave,
          minmay_variable_closet
D:10:     layout_basic, due_lair_maze_entry_diamond, special_room
          [special_room_bee], minivault_13, uniq_grum
D:11:     layout_cave_pools, david_orc_4, enter_bailey_8, minmay_circle_x
D:12:     layout_layer_cave, gauntlet_entry_generic, enter_trove_3, uniq_psyche,
          uniq_rupert, uniq_snorg, uniq_erolcha
D:13:     layout_roguey, erik_vaults_1,
          ploomutoo_gammafunk_ghost_potion_laboratory
D:14:     layout_irregular_city, chequers_serial_rivers_micro_a
D:15:     grunt_enter_depths_giant_problem, layout_stronghold, elyvilon_altar_5,
          serial_shops, nicolae_square_shop, uniq_agnes, uniq_kirke, uniq_azrael
Temple:   compressed_dpeg_triangle_lava_temple
Lair:1:   layout_hall_layers, nicolae_volcano_entry_hallway, uniq_joseph
Lair:2:   layout_hall_layers, grunt_megastairs_3
Lair:3:   layout_cave_shapes, minmay_shoals_entry_beasts, grunt_megastairs_1
Lair:4:   layout_concentric_octagons, minmay_snake_entry_guardpost_large,
          hangedman_tree_tricks, minmay_shattered_shrine
Lair:5:   layout_misc_corridors, serial_bayou_lake_a
Lair:6:   hangedman_lair_tendril_chambers, layout_gridlike,
          minmay_slime_entry_oklob_enclosed, serial_bayou, serial_bayou_pond_d,
          serial_bayou_pond_c, serial_bayou_lagoon_a, serial_bayou_pond_a
Shoals:1: layout_shoals, ebering_ghost_gozag,
          nicolae_shoals_lost_giant_amphitheater, nicolae_shoals_shepherds
Shoals:2: layout_shoals, nicolae_stop_n_shop_1, nicolae_shoals_this_corrosion
Shoals:3: layout_shoals, serial_shops, bzr_entry_customers, uniq_ilsuiw
Shoals:4: shoals_end_hangedman, layout_shoals
Snake:1:  layout_gridlike
Snake:2:  layout_honeycomb, basic_altar, nicolae_snake_boneroom, uniq_roxanne
Snake:3:  layout_cave_shapes, serial_shops, nicolae_stop_n_shop_2,
          grunt_megastairs_4
Snake:4:  snake_pit_salamanders_mu, layout_layer_cave, gammafunk_ghost_cemetery,
          st_stairs_14
Slime:1:  layout_caves, nicolae_slime_barrier
Slime:2:  layout_caves, dissolution_awaits
Slime:3:  layout_caves
Slime:4:  layout_caves
Slime:5
Orc:1:    layout_caves, basic_altar, nicolae_shop_overcharged_wands
Orc:2:    st_orc_town, layout_caves, mines1_david, uniq_sonja, uniq_saint_roka
Elf:1:    layout_geoelf_octagon, ebering_ghost_reflecting_pool,
          hangedman_elf_disciples, hangedman_elven_pyramids
Elf:2:    nicolae_elf_blades_crystal_corner, layout_gridlike, serial_shops, shop
Elf:3:    minmay_elf_hall_not_hex, layout_gridlike
Vaults:1: dpeg_vaults_monster_box, v_misc_15, v_misc_14, vaults_dpeg_diagonal,
          grunt_vaults_trifunnel, nicolae_vaults_network_periphery,
          vaults_dpeg_ring, nicolae_vaults_little_squares_3, v_misc_10,
          hangedman_vaults_hard_town_square, hangedman_vaults_impose,
          vaults_room_boxed, grunt_vaults_swirl, vaults_dpeg_encased_lava,
          layout_vaults_omnibox, serial_shops, shop, nicolae_shop_trees,
          nicolae_diamond_shop, shop
Vaults:2: vaults_room_hallway, v_misc_13, v_misc_17, v_alt_pattern_2, v_misc_13,
          v_misc_2, vaults_room_corners, nicolae_vaults_border_crossing,
          minmay_crypt_entry_skeletal_spiral, vaults_room_door_hall,
          hangedman_vaults_trim, layout_vaults_omnicross, serial_shops, shop,
          uniq_margery
Vaults:3: v_alt_pattern_5, vaults_room_ringed_pool, v_misc_17, v_misc_26,
          nicolae_vaults_ring_of_whatevers, v_pattern_4, vaults_dpeg_hooks,
          nicolae_vaults_mini_display_case, vaults_mumra_minichess, v_misc_31,
          layout_vaults_ring, serial_shops, shop, uniq_xtahua
Vaults:4: v_misc_24, nicolae_vaults_minivaults, grunt_vaults_diagonal,
          nicolae_vaults_little_squares_4, layout_vaults_omnigrid,
          serial_hangedman_research, hangedman_research_geology,
          hangedman_research_thermodynamics, hangedman_research_pyrotechnics
Vaults:5
Crypt:1:  layout_gridlike
Crypt:2:  evilmike_wizard_prison, layout_regular_city, grunt_ministairs_11,
          palyth_stone_intersect, weyrava_lich_vault
Crypt:3:  church_of_pain_bobbens, layout_chaotic_city,
          tomb_entry_forgotten_bobbens, ebering_dispersal_statue_hall
Tomb:1
Tomb:2
Tomb:3
Depths:1: layout_gridlike, grunt_hell_entry_dis_grunt, grunt_potential,
          grunt_megastairs_5, serial_bayou_shore_a, serial_bayou_shore_b,
          minmay_shop_grove
Depths:2: grunt_crosshair, layout_basic, enter_ziggurat_d, pan_entry,
          serial_shops, nicolae_shop_stone, shop, nicolae_shop_behind_doors,
          nicolae_shop_behind_doors, pf_hell_entry_great_geh,
          nicolae_vehumet_altar_sigil, minmay_tree_intersection,
          infiniplex_staircase_split_hallway, uniq_nikola
Depths:3: minmay_bloctagon, layout_cave_pools, chequers_serial_rivers_large_b,
          rand_demon_pan_entry_8, hell_entry, serial_shops, nicolae_shop_stone,
          minmay_misc_feat_secret_circle, infiniplex_staircase_pillars_3a,
          firewood_loft
Depths:4: minmay_tile_spiral, layout_gridlike, hell_entry, abyss_entry,
          serial_bayou_shore_b, minmay_staircase_statues
Depths:5: grunt_zot_entry_gee_three, layout_gridlike, hell_entry, serial_shops,
          nicolae_lakefront_shop, special_room [special_room_mythical_zoo]
Hell
Dis:1:    layout_gridville, lemuel_dis_dragons
Dis:2:    layout_gridville, nrook_loot_triangle
Dis:3:    layout_overlapping_boxes
Dis:4:    layout_jigsaw
Dis:5:    layout_subdivisions
Dis:6:    layout_subdivisions
Dis:7:    dis_hangedman
Geh:1:    layout_gehenna_pools_basic
Geh:2:    layout_gehenna_pools_basic
Coc:1:    layout_cocytus_delve
Tar:1:    layout_grid_maze
Tar:2:    layout_catacombs
Zot:1:    layout_onion_interference
Zot:2:    layout_concentric_octagons
Zot:3:    layout_misc_corridors
Zot:4:    layout_twisted_circle
Zot:5:    layout_gridlike

Skill      XL: |  1  2  3  4  5  6  7  8  9 10 11 12 13 14 15 16 17 18 19 20 21 22 23 24 25 26 27 |
---------------+----------------------------------------------------------------------------------+-----
Unarmed Combat | 3 4 5 6 7 9 10 11 12 13 14 15 19 20 21 22 23 24 25 27 | 27.0
Throwing       | 2 4 5 6 7 8 9 10 11 12 13 14 15 16 23 | 23.5
Invocations    | 2 4 5 6 7 8 9 10 11 17 | 17.0
Fighting       | 3 4 5 6 7 8 9 10 15 16 17 18 19 20 26 | 26.5
Shields        | 3 4 5 6 7 8 9 10 11 12 13 14 15 | 15.0
Armour         | 1 3 4 5 7 8 9 10 11 12 13 14 16 17 24 | 24.7
Dodging        | 10 | 10.4

Action                   |  1- 3 |  4- 6 |  7- 9 | 10-12 | 13-15 | 16-18 | 19-21 | 22-24 | 25-27 || total
-------------------------+-------+-------+-------+-------+-------+-------+-------+-------+-------++-------
Melee: Unarmed           |    85 |   100 |   226 |   402 |  1007 |   844 |  1229 |  1241 |  4445 ||  9579
Throw: Boomerang         |       |       |    11 |    33 |   139 |   594 |   282 |   178 |   974 ||  2211
       Large rock        |       |       |       |    26 |   109 |   106 |    15 |   181 |   234 ||   671
       Javelin           |       |       |       |    12 |    36 |    22 |    87 |    28 |   341 ||   526
       Dart              |       |       |       |     3 |    73 |     1 |       |       |       ||    77
Invok: Heroism           |       |       |     4 |    10 |    26 |    16 |    13 |     7 |     8 ||    84
       Finesse           |       |       |       |     2 |     8 |     5 |     6 |     7 |     6 ||    34
       Duel              |       |       |       |       |       |       |       |       |     2 ||     2
       Cleansing Flame   |       |       |       |       |       |       |       |       |     9 ||     9
       Recite            |       |       |       |       |       |       |       |       |     6 ||     6
       Vitalisation      |       |       |       |       |       |       |       |       |     1 ||     1
Evoke: Wand              |       |       |     7 |     2 |    43 |    47 |    35 |     1 |    12 ||   147
       Tin of tremorston |       |       |       |       |     2 |       |       |       |       ||     2
       Condenser vane    |       |       |       |       |       |       |     1 |       |       ||     1
       Figurine of a zig |       |       |       |       |       |       |       |       |     1 ||     1
  Use: Scroll            |     2 |     3 |    19 |     3 |    14 |     5 |     4 |     6 |    59 ||   115
       Potion            |     1 |     1 |     1 |     6 |    11 |     4 |       |       |    22 ||    46
 Stab: Sleeping          |       |       |       |     2 |       |     3 |     1 |       |       ||     6
       Paralysed         |       |       |       |     2 |     5 |       |       |       |       ||     7
       Distracted        |       |       |       |       |       |     1 |       |       |       ||     1
       Confused          |       |       |       |       |       |       |       |       |     4 ||     4
Armor: Robe              |    34 |    28 |    40 |       |       |       |       |       |       ||   102
       Acid dragon scale |       |       |    14 |   174 |   298 |       |       |       |       ||   486
       Skin              |       |       |       |    11 |    22 |       |       |       |       ||    33
       Fire dragon scale |       |       |       |       |    27 |   136 |       |       |       ||   163
       Quicksilver drago |       |       |       |       |       |   222 |   316 |   263 |       ||   801
       Ice dragon scales |       |       |       |       |       |       |       |    22 |  1534 ||  1556
       Gold dragon scale |       |       |       |       |       |       |       |       |    46 ||    46
Dodge: Dodged            |    26 |    18 |    56 |   146 |   261 |   287 |   306 |   217 |   858 ||  2175
Block: Kite shield       |    33 |    28 |    73 |   205 |   467 |   480 |   596 |       |       ||  1882
       Reflection        |       |       |       |       |    11 |    61 |    46 |    21 |    85 ||   224
       Tower shield      |       |       |       |       |       |       |   169 |   825 |  4406 ||  5400

Table legend: (Time is in decaauts)
 A = Elapsed time spent in this place.
 B = Non-inter-level travel time spent in this place.
 C = Inter-level travel time spent in this place.
 D = Time resting spent in this place.
 E = Time spent auto-exploring this place.
 F = Levels seen in this place.
 G = Mean time per level.
                   A        B        C        D        E       F      G
               +--------+--------+--------+--------+--------+-----+--------+
         Total |  75055 |  65483 |   9572 |   1210 |  46037 | 113 |  664.2 |
       Dungeon |  16209 |  13080 |   3129 |    158 |  10109 |  15 | 1080.6 |
        Temple |    340 |    247 |     93 |      0 |    231 |   1 |  340.0 |
          Lair |   6719 |   5499 |   1220 |    113 |   4167 |   6 | 1119.8 |
        Shoals |   3905 |   3530 |    375 |     62 |   2388 |   4 |  976.2 |
     Snake Pit |   4331 |   4073 |    258 |     20 |   3304 |   4 | 1082.8 |
    Slime Pits |   2476 |   2248 |    228 |     36 |   1711 |   5 |  495.2 |
  Orcish Mines |   1562 |   1440 |    122 |      0 |    973 |   2 |  781.0 |
   Elven Halls |   3346 |   3192 |    154 |    112 |   2234 |   3 | 1115.3 |
        Vaults |   7587 |   6164 |   1423 |      0 |   4564 |   5 | 1517.4 |
         Crypt |   3304 |   3016 |    288 |      0 |   2133 |   3 | 1101.3 |
          Tomb |   3841 |   3474 |    367 |    173 |   2345 |   3 | 1280.3 |
        Depths |   6578 |   5199 |   1379 |    114 |   3729 |   5 | 1315.6 |
          Hell |   1130 |    981 |    149 |     34 |    606 |   1 | 1130.0 |
           Dis |   1038 |    942 |     96 |    364 |    119 |   7 |  148.3 |
       Gehenna |    186 |    178 |      8 |     23 |      3 |   2 |   93.0 |
       Cocytus |     11 |     11 |      0 |      0 |      0 |   1 |   11.0 |
      Tartarus |    192 |    186 |      6 |      0 |     39 |   2 |   96.0 |
           Zot |   3619 |   3347 |    272 |      0 |   2732 |   5 |  723.8 |
         Abyss |   1593 |   1593 |      0 |      0 |    942 |   6 |  265.5 |
   Pandemonium |   3922 |   3922 |      0 |      0 |   1985 |  11 |  356.5 |
      Ziggurat |   1310 |   1310 |      0 |      0 |    721 |  14 |   93.6 |
        Bazaar |    132 |    132 |      0 |      0 |     54 |   1 |  132.0 |
         Trove |     68 |     68 |      0 |      0 |     53 |   1 |   68.0 |
       Ossuary |    202 |    202 |      0 |      0 |    122 |   1 |  202.0 |
        Bailey |    316 |    316 |      0 |      0 |    117 |   1 |  316.0 |
       Volcano |    533 |    533 |      0 |      0 |    345 |   1 |  533.0 |
      Gauntlet |    575 |    575 |      0 |      0 |    307 |   1 |  575.0 |
         Arena |     17 |     17 |      0 |      0 |      0 |   2 |    8.5 |
               +--------+--------+--------+--------+--------+-----+--------+

Top non-repeatable levels by time:
  Tomb:1: 2089 daAuts
 Snake:4: 1923 daAuts
Vaults:2: 1806 daAuts
Depths:1: 1753 daAuts
  Lair:6: 1689 daAuts
     D:9: 1686 daAuts
Vaults:1: 1645 daAuts
    D:12: 1587 daAuts
    D:10: 1587 daAuts
Vaults:4: 1507 daAuts
    D:13: 1474 daAuts
Vaults:3: 1355 daAuts
 Crypt:2: 1353 daAuts
  Lair:4: 1351 daAuts
    D:15: 1320 daAuts
